Workbook
Name al_scrap: '6. Global Mineral Production'!#REF!
Name alper: '6. Global Mineral Production'!$H$4
Name coper: '6. Global Mineral Production'!#REF!
Name feper: '6. Global Mineral Production'!$H$7
Name ferro: '6. Global Mineral Production'!#REF!
Name gr_am: '6. Global Mineral Production'!#REF!
Name gr_flake: '6. Global Mineral Production'!#REF!
Name grper: '6. Global Mineral Production'!$H$5
Name li_carb: '6. Global Mineral Production'!#REF!
Name li_cl: '6. Global Mineral Production'!$H$11
Name li_oh: '6. Global Mineral Production'!$H$9
Name liper: '6. Global Mineral Production'!#REF!
Name mn_fer: '6. Global Mineral Production'!$H$15
Name mn_sil: '6. Global Mineral Production'!$H$16
Name mnper: '6. Global Mineral Production'!#REF!
Name ni: '[1]Battery Stats'!$I$48
Name ni_conc: '6. Global Mineral Production'!#REF!
Name ni_lat: '6. Global Mineral Production'!#REF!
Name niper: '6. Global Mineral Production'!#REF!
Name sgrper: '6. Global Mineral Production'!$H$6
Name spod: '6. Global Mineral Production'!$H$10

Sheet 0. Cover Sheet & Assumptions
A2: Assessing the Feasibility of the Inflation Reduction Act’s EV Critical Mineral Targets
A3: Jenna N. Trost1, Jennifer B. Dunn1,2*
A4: 1. Department of Chemical and Biological Engineering, Northwestern University, Evanston, Illinois, USA
A5: 2. Center for Engineering Sustainability and Resilience, Northwestern University, Evanston, Illinois, USA
A6: *Corresponding Author: Jennifer B. Dunn (email: jennifer.dunn1@northwestern.edu)
A9: Table S0A
A10: List of Assumptions Used In Analysis
B11: Assumption
A12: 1 | B12: Production and import numbers of critical minerals by the US and FTCs are constant from 2022 to 2027
A13: 2 | B13: Percentage of critical mineral resources used in battery manufacturing is constant from 2022 to 2027
A14: 3 | B14: Market values are constant
A15: 4 | B15: Each battery from a given chemistry has the exact weight and composition as defined in GREET
A16: 5 | B16: Mineral content in a product is constant (i.e. lithium in spodumene is the same for all global spodumene production); If mineral content is not specified within USGS or in other literature, it is assumed to be 100%
A17: 6 | B17: Minerals from different sources and ores perform equivalently (e.g., lithium from LiOH versus Li2CO3 or nickel from laterite versus ferronickel). Processes to produce cathode materials vary in cost depending on the source of metal; one source of a metal may be preferred over the other. Stoichiometric calculations were performed to standardize the mass and market value of minerals.
A20: Table S0B
A21: Acroynyms
A22: BEV | B22: Battery Electric Vehicle
A23: EV | B23: Electric Vehicle
A24: LFP | B24: Lithium Iron Phosphate
A25: LMO | B25: Lithium Manganese Oxide
A26: NCA | B26: Nickel Cobalt Aluminum
A27: NMC | B27: Nickel Manganese Cobalt
A28: PHEV | B28: Plug-in Hybrid Electric Vehicle
A30: Table S0C
A31: Table List
A32: Table Number | B32: Content | C32: Tab
A33: S0A | B33: Assumptions | C33: 0. Cover Sheet & Assumptions
A34: S0B | B34: Acronyms | C34: 0. Cover Sheet & Assumptions
A35: S0C | B35: Table List | C35: 0. Cover Sheet & Assumptions
A36: S1A | B36: Number of Electric Vehicles Sold in 2027 | C36: 1. EV Forecast
A37: S2A | B37: Battery Weight by Battery Type | C37: 2. BEV Battery Chemistry Stats
A38: S2B | B38: Battery Material Composition (kg material/kg battery) | C38: 2. BEV Battery Chemistry Stats
A39: S2C | B39: Cathode Critical Mineral Composition by Battery Type (kg material/kg battery cathode) | C39: 2. BEV Battery Chemistry Stats
A40: S2D | B40: Cathode Critical Mineral Mixture Composition by Battery Type (kg material/kg battery) | C40: 2. BEV Battery Chemistry Stats
A41: S2E | B41: Molar Masses of Battery Chemistry Minerals | C41: 2. BEV Battery Chemistry Stats
A42: S2F | B42: Material Mass Requirement per Battery by Battery Type | C42: 2. BEV Battery Chemistry Stats
A43: S2G | B43: Summary Mineral Mass Contribution by Mineral by Battery Type (kg/battery) | C43: 2. BEV Battery Chemistry Stats
... A118: S11G | B118: Limiting Market Value Mineral by Battery Type | C118: 11. Calculations - MV (BEV)
A119: S11H | B119: Limiting Mineral Market Value Required by Battery Type to Reach 80% of Total Market Value of Battery from FTCs ($USD/ton)
A120: S11I | B120: Limiting Market Value Mineral Adjusted Mineral Requirement by Battery Type (metric ton/battery) | C120: 11. Calculations - MV (BEV)
A121: S11J | B121: Number of Tax-Credit Elegible Batteries by Battery Type/Limiting Market Value Mineral | C121: 11. Calculations - MV (BEV)
A122: S11K | B122: Number of Tax-Eligible Batteries (in millions) by Battery Type/Limiting Market Value Mineral | C122: 11. Calculations - MV (BEV)
A123: S12A | B123: PHEV Predictions | C123: 12. Calculations - MV (PHEV)
A124: S12B | B124: Available Minerals | C124: 12. Calculations - MV (PHEV)
A125: S12C | B125: Mineral Market Value Prices ($USD/metric tons) | C125: 12. Calculations - MV (PHEV)
A126: S12D | B126: Total Critical Mineral Market Value Per Battery ($USD/battery) | C126: 12. Calculations - MV (PHEV)
A127: S12E | B127: Total Mineral Requirements to Make 0.5 Million Batteries by Battery Type (metric tons) | C127: 12. Calculations - MV (PHEV)
A128: S12F | B128: Mineral Market Value Percent Shares by Battery Type (%) | C128: 12. Calculations - MV (PHEV)
A129: S12G | B129: Limiting Market Value Mineral by Battery Type | C129: 12. Calculations - MV (PHEV)
A130: S12H | B130: Limiting Mineral Market Value Required by Battery Type to Reach 80% of Total Market Value of Battery from FTCs ($USD/ton) | C130: 12. Calculations - MV (PHEV)
A131: S12I | B131: Limiting Market Value Mineral Adjusted Mineral Requirement by Battery Type (metric ton/battery) | C131: 12. Calculations - MV (PHEV)
... A134: S13A | B134: Full List of References Used in Spreadsheet | C134: 13. Full List of References

Sheet 1. EV Forecast
A1: Table 1A
A2: Number of Electric Vehicles Sold in 2027 | G2: Sources for This Sheet:
A3: Range | B3: BEV | C3: Source | D3: PHEV | E3: Source | G3: 1. IEA. Global EV Outlook 2021. 101 (2021).
A4: Low | B4: 1000000 | D4: =500*1000 -> 500000 | E4: 1
A5: High | B5: 2000000 | D5: =1500000 -> 1500000 | E5: 1

Sheet 2. BEV Battery Chemistry Stats
A1: Table 2A
A2: Battery Weight by Battery Type1 | G2: Sources for This Sheet:
A3: Battery Type | B3: lb/car | C3: kg/car | D3: ton/car | G3: 1. Argonne National Laboratory. The Greenhouse gases, Regulated Emissions, and Energy use in Technologies Model (GREET). (2021).
A4: LFP | B4: 1065 | C4: =B4/2.2 -> 484.09091 | D4: =C4/1000 -> 0.48409091
A5: LMO | B5: 1005.6 | C5: =B5/2.2 -> 457.09091 | D5: =C5/1000 -> 0.45709091
A6: NCA | B6: 739.1 | C6: =B6/2.2 -> 335.95455 | D6: =C6/1000 -> 0.33595455
A7: NMC111 | B7: 863.4 | C7: =B7/2.2 -> 392.45455 | D7: =C7/1000 -> 0.39245455
A8: NMC532 | B8: 825.2 | C8: =B8/2.2 -> 375.09091 | D8: =C8/1000 -> 0.37509091
A9: NMC622 | B9: 770.6 | C9: =B9/2.2 -> 350.27273 | D9: =C9/1000 -> 0.35027273
A10: NMC811 | B10: 748.1 | C10: =B10/2.2 -> 340.04545 | D10: =C10/1000 -> 0.34004545
A12: Table 2B
A13: Battery Material Composition (kg material/kg battery)1
A14: Battery Type | B14: Cathode | C14: Graphite | D14: Wrought Aluminum
A15: LFP | B15: 0.36 | C15: 0.191 | D15: 0.175
A16: LMO | B16: 0.435 | C16: 0.156 | D16: 0.168
A17: NCA | B17: 0.346 | C17: 0.234 | D17: 0.18
A18: NMC111 | B18: 0.382 | C18: 0.202 | D18: 0.173
A19: NMC532 | B19: 0.386 | C19: 0.206 | D19: 0.173
A20: NMC622 | B20: 0.361 | C20: 0.221 | D20: 0.178
A21: NMC811 | B21: 0.315 | C21: 0.244 | D21: 0.184
A23: Table 2C
A24: Cathode Critical Mineral Composition by Battery Type (kg material/kg battery cathode)1
A25: Battery Type | B25: Li2CO3 | C25: Mineral Mixture | D25: Mn2O3 | E25: Notes
A26: LFP | B26: 0.268
A27: LMO | B27: 0.204 | D27: 0.873
A28: NCA | B28: 0.25 | C28: 0.95 | E28: ** LiOH
A29: NMC111 | B29: 0.383 | C29: 0.949
A30: NMC532 | B30: 0.381 | C30: 0.945
A31: NMC622 | B31: 0.381 | C31: 0.949
A32: NMC811 | B32: 0.246 | C32: 0.949 | E32: ** LiOH
A34: Table 2D
A35: Cathode Critical Mineral Mixture Composition by Battery Type (kg material/kg battery)1
A36: Battery Type | B36: NiSO4 | C36: CoSO4 | D36: MnSO4 | E36: (Al)2(SO4)3
A37: NCA | B37: 1.36 | C37: 0.26 | E37: 0.09
A38: NMC111 | B38: 0.564 | C38: 0.564 | D38: 0.55
A39: NMC532 | B39: 0.868 | C39: 0.35 | D39: 0.494
A40: NMC622 | B40: 1.009 | C40: 0.337 | D40: 0.328
A41: NMC811 | B41: 1.34 | C41: 0.168 | D41: 0.163
A43: Table 2E
A44: Molar Masses of Battery Chemistry Minerals (Used for Stoichiometry)
A45: Mineral | B45: g/mol | C45: kg/mol
A46: Al | B46: 26.98 | C46: =B46/1000 -> 0.02698
A47: Al2(SO4)3 | B47: 342.15 | C47: =B47/1000 -> 0.34215
A48: Co | B48: 58.9 | C48: =B48/1000 -> 0.0589
A49: CoSO4 | B49: 155 | C49: =B49/1000 -> 0.155
A50: Fe | B50: 55.845 | C50: =B50/1000 -> 0.055845
A51: FeSO4 | B51: 151.908 | C51: =B51/1000 -> 0.151908
A52: Li | B52: 6.94 | C52: =B52/1000 -> 0.00694
A53: Li2CO3 | B53: 73.891 | C53: =B53/1000 -> 0.073891
A54: LiOH | B54: 23.95 | C54: =B54/1000 -> 0.02395
A55: Mn | B55: 54.94 | C55: =B55/1000 -> 0.05494
A56: Mn2O3 | B56: 157.87 | C56: =B56/1000 -> 0.15787
A57: MnSO4 | B57: 151 | C57: =B57/1000 -> 0.151
... A59: NiSO4 | B59: 154.75 | C59: =B59/1000 -> 0.15475
A61: Table 2F
A62: Material Mass Requirement per Battery by Battery Type1
A63: LFP
A64: Material | B64: kg/car | C64: ton/car
A65: Cathode | B65: =$C$4*B15 -> 174.27273 | C65: =B65/1000 -> 0.17427273
A66: Aluminum | B66: =C4*D15 -> 84.715909 | C66: =B66/1000 -> 0.084715909
A67: Graphite | B67: =C4*C15 -> 92.461364 | C67: =B67/1000 -> 0.092461364
A68: Lithium | B68: =B65*B26*(2*B52/B53) -> 8.7732831 | C68: =B68/1000 -> 0.0087732831
A69: Nickel | B69: 0 | C69: =B69/1000 -> 0
A70: Manganese | B70: 0 | C70: =B70/1000 -> 0
A71: Cobalt | B71: 0 | C71: =B71/1000 -> 0
A73: LMO
A74: Material | B74: kg/car | C74: ton/car
A75: Cathode | B75: =C5*B16 -> 198.83455 | C75: =B75/1000 -> 0.19883455
A76: Aluminum | B76: =C5*D16 -> 76.791273 | C76: =B76/1000 -> 0.076791273
A77: Graphite | B77: =C5*C16 -> 71.306182 | C77: =B77/1000 -> 0.071306182
A78: Lithium | B78: =B75*B27*(2*B52/B53) -> 7.6193852 | C78: =B78/1000 -> 0.0076193852
A79: Nickel | B79: 0 | C79: =B79/1000 -> 0
A80: Manganese | B80: =(B75*D27*(2*B55/B56)) -> 120.81619 | C80: =B80/1000 -> 0.12081619
A81: Cobalt | B81: 0 | C81: =B81/1000 -> 0
A83: NCA
A84: Material | B84: kg/car | C84: ton/car
A85: Cathode | B85: =C6*B17 -> 116.24027 | C85: =B85/1000 -> 0.11624027
A86: Aluminum | B86: =(C6*D17)+(B85*C28*E37*(2*B46/B47)) -> 62.039212 | C86: =B86/1000 -> 0.062039212
A87: Graphite | B87: =C6*C17 -> 78.613364 | C87: =B87/1000 -> 0.078613364
A88: Lithium | B88: =(B85*B28*(B52/B54)) -> 8.4207463 | C88: =B88/1000 -> 0.0084207463
A89: Nickel | B89: =(B85*C28*B37*(B58/B59)) -> 56.957719 | C89: =B89/1000 -> 0.056957719
A90: Manganese | B90: 0 | C90: =B90/1000 -> 0
A91: Cobalt | B91: =(B85*C28*C37*(B48/B49)) -> 10.910312 | C91: =B91/1000 -> 0.010910312
A93: NMC111
A94: Material | B94: kg/car | C94: ton/car
A95: Cathode | B95: =C7*B18 -> 149.91764 | C95: =B95/1000 -> 0.14991764
A96: Aluminum | B96: =C7*D18 -> 67.894636 | C96: =B96/1000 -> 0.067894636
A97: Graphite | B97: =C7*C18 -> 79.275818 | C97: =B97/1000 -> 0.079275818
A98: Lithium | B98: =(B95*B29*(2*$B$52/$B$53)) -> 10.785727 | C98: =B98/1000 -> 0.010785727
A99: Nickel | B99: =(B95*C29*B38*(B58/B59)) -> 30.43207 | C99: =B99/1000 -> 0.03043207
A100: Manganese | B100: =(B95*C29*D38*(B55/B57)) -> 28.470385 | C100: =B100/1000 -> 0.028470385
A101: Cobalt | B101: =(B95*C29*C38*(B48/B49)) -> 30.4917 | C101: =B101/1000 -> 0.0304917
A103: NMC532
A104: Material | B104: kg/car | C104: ton/car
A105: Cathode | B105: =C8*B19 -> 144.78509 | C105: =B105/1000 -> 0.14478509
A106: Aluminum | B106: =C8*D19 -> 64.890727 | C106: =B106/1000 -> 0.064890727
A107: Graphite | B107: =C8*C19 -> 77.268727 | C107: =B107/1000 -> 0.077268727
A108: Lithium | B108: =(B105*B30*(2*B52/B53)) -> 10.362075 | C108: =B108/1000 -> 0.010362075
A109: Nickel | B109: =(B105*C30*B39*(B58/B59)) -> 45.041083 | C109: =B109/1000 -> 0.045041083
A110: Manganese | B110: =(B105*C30*D39*(B55/B57)) -> 24.592026 | C110: =B110/1000 -> 0.024592026
...

Sheet 3. PHEV Battery Chemistry Stats
A1: Table 3A
A2: Battery Weight by Battery Type1 | G2: Sources for This Sheet:
A3: Battery Type | B3: lb/car | C3: kg/car | D3: ton/car | G3: 1. Argonne National Laboratory. The Greenhouse gases, Regulated Emissions, and Energy use in Technologies Model (GREET). (2021).
A4: LFP | B4: 263 | C4: =B4/2.2 -> 119.54545 | D4: =C4/1000 -> 0.11954545
A5: LMO | B5: 219 | C5: =B5/2.2 -> 99.545455 | D5: =C5/1000 -> 0.099545455
A6: NMC111 | B6: 193.8 | C6: =B6/2.2 -> 88.090909 | D6: =C6/1000 -> 0.088090909
A8: Table 3B
A9: Battery Material Composition (kg material/kg battery)1
A10: Battery Type | B10: Cathode | C10: Graphite | D10: Wrought Aluminum
A11: LFP | B11: 0.262 | C11: 0.139 | D11: 0.195
A12: LMO | B12: 0.362 | C12: 0.13 | D12: 0.161
A13: NMC111 | B13: 0.308 | C13: 0.163 | D13: 0.161
A15: Table 3C
A16: Cathode Critical Mineral Composition by Battery Type (kg material/kg battery cathode)1
A17: Battery Type | B17: Li2CO3 | C17: Mineral Mixture | D17: Mn2O3
A18: LFP | B18: 0.268
A19: LMO | B19: 0.204 | D19: 0.873
A20: NMC111 | B20: 0.383 | C20: 0.949
A22: Table 3D
A23: Cathode Critical Mineral Mixture Composition by Battery Type (kg material/kg battery)1
A24: Battery Type | B24: NiSO4 | C24: CoSO4 | D24: MnSO4
A25: NMC111 | B25: 0.564 | C25: 0.564 | D25: 0.55
A27: Table 3E
A28: Molar Masses of Battery Chemistry Minerals (Used for Stoichiometry)
A29: Mineral | B29: g/mol | C29: kg/mol
A30: Al | B30: 26.98 | C30: =B30/1000 -> 0.02698
A31: Al2(SO4)3 | B31: 342.15 | C31: =B31/1000 -> 0.34215
A32: Co | B32: 58.9 | C32: =B32/1000 -> 0.0589
A33: CoSO4 | B33: 155 | C33: =B33/1000 -> 0.155
A34: Fe | B34: 55.845 | C34: =B34/1000 -> 0.055845
A35: FeSO4 | B35: 151.908 | C35: =B35/1000 -> 0.151908
A36: Li | B36: 6.94 | C36: =B36/1000 -> 0.00694
A37: Li2CO3 | B37: 73.891 | C37: =B37/1000 -> 0.073891
A38: LiOH | B38: 23.95 | C38: =B38/1000 -> 0.02395
A39: Mn | B39: 54.94 | C39: =B39/1000 -> 0.05494
A40: Mn2O3 | B40: 157.87 | C40: =B40/1000 -> 0.15787
A41: MnSO4 | B41: 151 | C41: =B41/1000 -> 0.151
... A43: NiSO4 | B43: 154.75 | C43: =B43/1000 -> 0.15475
A45: Table 3F
A46: Material Mass Requirement per Battery by Battery Type1
A47: LFP
A48: Material | B48: kg/car | C48: ton/car
A49: Cathode | B49: =$C$4*B11 -> 31.320909 | C49: =B49/1000 -> 0.031320909
A50: Aluminum | B50: =C4*D11 -> 23.311364 | C50: =B50/1000 -> 0.023311364
A51: Graphite | B51: =C4*C11 -> 16.616818 | C51: =B51/1000 -> 0.016616818
A52: Lithium | B52: =B49*B18*(2*B36/B37) -> 1.5767654 | C52: =B52/1000 -> 0.0015767654
A53: Nickel | B53: 0 | C53: =B53/1000 -> 0
A54: Manganese | B54: 0 | C54: =B54/1000 -> 0
A55: Cobalt | B55: 0 | C55: =B55/1000 -> 0
A57: LMO
A58: Material | B58: kg/car | C58: ton/car
A59: Cathode | B59: =C5*B12 -> 36.035455 | C59: =B59/1000 -> 0.036035455
A60: Aluminum | B60: =C5*D12 -> 16.026818 | C60: =B60/1000 -> 0.016026818
A61: Graphite | B61: =C5*C12 -> 12.940909 | C61: =B61/1000 -> 0.012940909
A62: Lithium | B62: =B59*B19*(2*B36/B37) -> 1.3808869 | C62: =B62/1000 -> 0.0013808869
A63: Nickel | B63: 0 | C63: =B63/1000 -> 0
A64: Manganese | B64: =(B59*D19*(2*B39/B40)) -> 21.895925 | C64: =B64/1000 -> 0.021895925
A65: Cobalt | B65: 0 | C65: =B65/1000 -> 0
A67: NMC111
A68: Material | B68: kg/car | C68: ton/car
A69: Cathode | B69: =C6*B13 -> 27.132 | C69: =B69/1000 -> 0.027132
A70: Aluminum | B70: =C6*D13 -> 14.182636 | C70: =B70/1000 -> 0.014182636
A71: Graphite | B71: =C6*C13 -> 14.358818 | C71: =B71/1000 -> 0.014358818
A72: Lithium | B72: =(B69*B20*(2*$B$36/$B$37)) -> 1.9519941 | C72: =B72/1000 -> 0.0019519941
A73: Nickel | B73: =(B69*C20*B25*(B42/B43)) -> 5.507577 | C73: =B73/1000 -> 0.005507577
A74: Manganese | B74: =(B69*C20*D25*(B39/B41)) -> 5.1525524 | C74: =B74/1000 -> 0.0051525524
A75: Cobalt | B75: =(B69*C20*C25*(B32/B33)) -> 5.5183688 | C75: =B75/1000 -> 0.0055183688
A77: Table 3G
A78: Summary Mineral Mass Contribution by Battery Type (kg/battery)
A79: Battery Type | B79: Aluminum | C79: Cobalt | D79: Graphite | E79: Lithium | F79: Manganese | G79: Nickel
A80: LFP | B80: =B60 -> 16.026818 | C80: =B55 -> 0 | D80: =B51 -> 16.616818 | E80: =B52 -> 1.5767654 | F80: =B54 -> 0 | G80: =B53 -> 0
A81: LMO | B81: =B60 -> 16.026818 | C81: =B65 -> 0 | D81: =B61 -> 12.940909 | E81: =B62 -> 1.3808869 | F81: =B64 -> 21.895925 | G81: =B65 -> 0
A82: NMC111 | B82: =B70 -> 14.182636 | C82: =B75 -> 5.5183688 | D82: =B71 -> 14.358818 | E82: =B72 -> 1.9519941 | F82: =B74 -> 5.1525524 | G82: =B73 -> 5.507577
A84: Table 3H
A85: Summary Mineral Mass Contribution by Battery Type (kg/battery)
A86: Critical Mineral | B86: LFP | C86: LMO | D86: NMC111
A87: Aluminum | B87: {=TRANSPOSE(B80:G80)} -> 16.026818 | C87: {=TRANSPOSE(B81:G81)} -> 16.026818 | D87: {=TRANSPOSE(B82:G82)} -> 14.182636
A88: Cobalt | B88: 0 | C88: 0 | D88: 5.5183688
A89: Graphite | B89: 16.616818 | C89: 12.940909 | D89: 14.358818
A90: Lithium | B90: 1.5767654 | C90: 1.3808869 | D90: 1.9519941
A91: Manganese | B91: 0 | C91: 21.895925 | D91: 5.1525524
A92: Nickel | B92: 0 | C92: 0 | D92: 5.507577

Sheet 4. Mineral Content Percentages
A1: Table 4A
A2: Aluminum Content Percentages | E2: Sources for This Sheet:
A3: Material | B3: Content Percentage | C3: Source | E3: 1. JR Davis. Aluminum and Aluminum Alloys. 351–416 https://materialsdata.nist.gov/bitstream/handle/11115/173/Aluminum%20and%20Aluminum%20Alloys%20Davis.pdf (2001).
A4: Alloys | B4: 0.97 | C4: 1 | E4: 2. Gopienko, V. G. Production of Aluminum Powders. in Handbook of Non-Ferrous Metal Powders 459–480 (Elsevier, 2019). doi:10.1016/B978-0-08-100543-9.00015-4.
A5: Scrap | B5: 0.9 | C5: 2 | E5: 3. Xiao, J. et al. Extraction of Nickel from Garnierite Laterite Ore Using Roasting and Magnetic Separation with Calcium Chloride and Iron Concentrate. Minerals 10, 352 (2020).
E6: 4. Gilpin R. Robinson Jr., Jane M. Hammarstrom, & Donald W. Olson. Graphite. https://pubs.usgs.gov/pp/1802/j/pp1802j.pdf (2017).
A7: Table 4B | E7: 5. Aylmore, M. G. et al. Assessment of a spodumene ore by advanced analytical and mass spectrometry techniques to determine its amenability to processing for the extraction of lithium. Minerals Engineering 119, 137–148 (2018).
A8: Cobalt Content Percentages | E8: 6. Lee, Y. E. Ferroalloys: Production and use in Steel-making. in Encyclopedia of Materials: Science and Technology 3039–3044 (Elsevier, 2001). doi:10.1016/B0-08-043152-6/00544-1.
A9: Material | B9: Content Percentage | C9: Source | E9: 7. Crundwell, F. K., Moats, M. S., Ramachandran, V., Robinson, T. G. & Davenport, W. G. Smelting of Laterite Ores to Ferronickel. in Extractive Metallurgy of Nickel, Cobalt and Platinum Group Metals 67–83 (Elsevier, 2011). doi:10.1016/B978-0-08-096809-4.10006-1.
A10: Laterite | B10: =0.029/100 -> 0.00029 | C10: 3 | E10: 8. Wang, G. C. Nonferrous metal extraction and nonferrous slags. in The Utilization of Slag in Civil Infrastructure Construction 35–61 (Elsevier, 2016). doi:10.1016/B978-0-08-100381-7.00003-3.
E11: 9. Nokhrina, O. I., Rozhikhina, I. D. & Proshunin, I. E. Direct Alloying of Steel with Nickel Concentrate. IOP Conf. Ser.: Mater. Sci. Eng. 142, 012067 (2016).
A12: Table 4C
A13: Graphite Content Percentages
A14: Material | B14: Content Percentage | C14: Source
A15: Amorphous | B15: 0.75 | C15: 4
A16: Flake | B16: 0.86 | C16: 4
A17: Synthetic | B17: 0.9995 | C17: 4
A19: Table 4D
A20: Lithium Content Percentages
A21: Material | B21: Content Percentage | C21: Source
A22: Lithium Carbonate | B22: 0.188 | C22: Stoichiometry
A23: Lithium Hydroxide | B23: 0.29 | C23: Stoichiometry
A24: Spodumene | B24: =0.46*0.07 -> 0.0322 | C24: 5
A25: Lithium Chloride | B25: 0.164 | C25: Stoichiometry
A27: Table 4E
A28: Manganese Content Percentages
A29: Material | B29: Content Percentage | C29: Source
A30: Ferromanganese | B30: 0.78 | C30: 6
A31: Silicomanganese | B31: 0.66 | C31: 6
A32: MnO2 | B32: 0.632 | C32: Stoichiometry
A33: KMnO4 | B33: 0.348 | C33: Stoichiometry
A35: Table 4F
A36: Nickel Content Percentages
A37: Material | B37: Content Percentage | C37: Source
A38: Ferronickel | B38: 0.3 | C38: 7
A39: Sulfide ore | B39: 0.1 | C39: 8
A40: Laterite | B40: 0.015 | C40: 8
A41: Concentrate | B41: 0.43 | C41: 9
A42: Hydroxide | B42: 0.633 | C42: Stoichiometry
A43: Scrap | B43: 1

Sheet 5. Mineral to Battery Stats
A1: Table 5A
A2: Maximum Mass Fraction of Mineral Supply to Batteries (%) | F2: Sources for This Sheet:
A3: Mineral | B3: Percentage | C3: Source | F3: 1. USGS. Mineral Commodity Summaries 2022 - Aluminum. 2 https://pubs.usgs.gov/periodicals/mcs2022/mcs2022-aluminum.pdf (2022).
A4: Aluminum | B4: 0.09 | C4: 1 | F4: 2. USGS. Mineral Commodity Summaries 2022 - Cobalt. 2 https://pubs.usgs.gov/periodicals/mcs2022/mcs2022-cobalt.pdf (2022).
A5: Cobalt | B5: 0.31 | C5: 2 | F5: 3. Gilpin R. Robinson Jr., Jane M. Hammarstrom, & Donald W. Olson. Graphite. https://pubs.usgs.gov/pp/1802/j/pp1802j.pdf (2017).
A6: Graphite Natural | B6: 0.1 | C6: 3 | F6: 4. USGS. Mineral Commodity Summaries 2022 - Lithium. 2 https://pubs.usgs.gov/periodicals/mcs2022/mcs2022-lithium.pdf (2022).
A7: Graphite Synthetic | B7: 0.05 | C7: 3 | F7: 5. National Minerals Information Center. Manganese Statistics and Information. (2022).
A8: Lithium | B8: 0.74 | C8: 4 | F8: 6. Michele E. McRay. 2017 Minerals Yearbook - Nickel [Advance Release]. https://d9-wret.s3.us-west-2.amazonaws.com/assets/palladium/production/atoms/files/myb1-2017-nickel-2.pdf (2017).
A9: Manganese | B9: 0.1 | C9: 5
A10: Nickel | B10: 0.23 | C10: 6

Sheet 6. Global Mineral Production
A1: Table 6A
B2: Aluminum Total Production (metric tons) | F2: Sources for This Sheet:
A3: FTC | B3: Primary Production | C3: Secondary Production | D3: Source | F3: 1. USGS. Mineral Commodity Summaries 2022. http://pubs.er.usgs.gov/publication/mcs2022 (2022) doi:10.3133/mcs2022.
A4: United States | B4: =1012*1000 -> 1012000 | C4: =3050*1000 -> 3050000 | D4: 2, Table 1 | F4: 2. USGS. Aluminum - Mineral Yearbook 2020. (2021).
A5: Australia | B5: 1720000 | D5: 1, Page 23 | F5: 3. USGS. Cobalt - Mineral Yearbook 2019. (2021).
A6: Bahrain | B6: =1549*1000 -> 1549000 | D6: 2, Table 13 | F6: 4. USGS. Graphite - Mineral Yearbook 2019. (2022).
A7: Canada | B7: 3270000 | D7: 1, Page 23 | F7: 5. USGS. Lithium - Mineral Yearbook 2019. (2021).
A8: Oman | B8: =397*1000 -> 397000 | D8: 2, Table 13 | F8: 6. USGS. Manganese - Mineral Yearbook 2020. (2021).
A9: Total | B9: =SUM(B4:B8) -> 7948000 | C9: =SUM(C4:C8) -> 3050000 | F9: 7. USGS. Nickel - Mineral Yearbook 2018. (2021).
A10: Total Aluminum Content | B10: =B9*1 -> 7948000 | C10: =C9*'4. Mineral Content Percentages'!B5 -> 2745000
A11: Grand Total: Aluminum Content | B11: =SUM(B10:C10) -> 10693000
A13: Table 6B
B14: Cobalt Total Production (metric tons)
A15: FTC | B15: Primary Production | C15: Secondary Production | D15: Source | E15: *Cobalt Content
A16: United States | B16: 700 | C16: 1600 | D16: 3, Table 1; 1, Page 52
A17: Australia* | B17: 5742 | D17: 3, Table 7
A18: Canada* | B18: 3336 | D18: 3, Table 7
A19: Mexico* | B19: 1100 | D19: 3, Table 7
A20: Morocco* | B20: 2300 | D20: 3, Table 7
A21: Total | B21: =SUM(B16:B20) -> 13178 | C21: =SUM(C16:C20) -> 1600
A22: Total Cobalt Content | B22: =B21*1 -> 13178 | C22: =C21*1 -> 1600
A23: Grand Total: Cobalt Content | B23: =SUM(B22,C22) -> 14778
A25: Table 6C
B26: Natural Graphite Total Production (metric tons)
A27: FTC | B27: Amorphous | C27: Crystalline Flake | D27: Source
A28: United States | B28: 0 | C28: 0 | D28: 4, Table 1
A29: Canada | C29: 11000 | D29: 4, Table 9
A30: Mexico | B30: 9000 | D30: 4, Table 9
A31: Total | B31: =SUM(B28:B30) -> 9000 | C31: =SUM(C28:C30) -> 11000
A32: Total Graph Content | B32: =B31*'4. Mineral Content Percentages'!B15 -> 6750 | C32: =C31*'4. Mineral Content Percentages'!B16 -> 9460
A33: Grand Total: Graphite Content | B33: =SUM(B32:C32) -> 16210
A35: Table 6D
B36: Synthetic Graphite Total Production (metric tons)
A37: FTC | B37: Primary Production | C37: Source
A38: United States | B38: 276000 | C38: 4, Table 1
A39: Total | B39: =SUM(B38) -> 276000
A40: Total Graph Content | B40: =B39*'4. Mineral Content Percentages'!B17 -> 275862
A41: Grand Total: Graphite Content | B41: =B40 -> 275862
A43: Table 6E
B44: Lithium Total Production (metric tons)
A45: FTC | B45: Spodumene | C45: Carbonate | D45: Chloride | E45: Hydroxide | F45: Source
A46: United States | F46: 5, Table 1
A47: Australia | B47: 1616764 | F47: 5, Table 4
A48: Canada | B48: 9000 | F48: 5, Table 4
A49: Chile | C49: 99300 | D49: 3000 | E49: 10000 | F49: 5, Table 4
A50: Total | B50: =SUM(B46:B49) -> 1625764 | C50: =SUM(C46:C49) -> 99300 | D50: =SUM(D46:D49) -> 3000 | E50: =SUM(E46:E49) -> 10000
A51: Total Li Content | B51: =B50*'4. Mineral Content Percentages'!B24 -> 52349.601 | C51: =C50*'4. Mineral Content Percentages'!B22 -> 18668.4 | D51: =D50*'4. Mineral Content Percentages'!B25 -> 492 | E51: =E50*'4. Mineral Content Percentages'!B23 -> 2900
A52: Grand Total: Lithium Content | B52: =SUM(B51:E51) -> 74410.001
A54: Table 6F
B55: Manganese Total Production (metric tons)
A56: FTC | B56: Ore* | C56: Ferromanganese | D56: Silicomanganese | E56: Source | F56: *Manganese Content
A57: United States | B57: 0 | C57: 0 | D57: 0 | E57: 6, Table 1
A58: Australia | B58: =3331*1000 -> 3331000 | C58: 83000 | D58: 101000 | E58: 6, Tables 7 & 8
A59: Korea, Republic of | C59: 258787 | D59: 152000 | E59: 6, Tables 7 & 8
A60: Mexico | B60: =198*1000 -> 198000 | C60: 57000 | D60: 148000 | E60: 6, Tables 7 & 8
A61: Morocco | B61: =42*1000 -> 42000 | E61: 6, Tables 7 & 8
A62: Oman | B62: 2000 | E62: 6, Table 8
A63: Total | B63: =SUM(B57:B62) -> 3573000 | C63: =SUM(C57:C62) -> 398787 | D63: =SUM(D57:D62) -> 401000
A64: Total Manganese Content | B64: =B63*1 -> 3573000 | C64: =C63*'4. Mineral Content Percentages'!B30 -> 311053.86 | D64: =D63*'4. Mineral Content Percentages'!B31 -> 264660
A65: Grand Total: Manganese Content | B65: =SUM(B64:D64) -> 4148713.9
A67: Table 6G
B68: Nickel Total Production (metric tons)
A69: FTC | B69: Concentrate | C69: Sulfide Ore | D69: Laterite Ore | E69: Ferronickel | F69: Hydroxide | G69: Metal | H69: Ferrous Scrap | I69: Nonferrous Scrap | J69: Purchased Scrap | K69: Undifferentiated | L69: Source
A70: United States | B70: 17600 | H70: 117000 | I70: 5690 | J70: 145000 | L70: 7, Table 10
A71: Australia | G71: 113500 | K71: 170312 | L71: 7, Tables 10 & 12
A72: Canada | C72: 175761 | K72: 133200
A73: Colombia | D73: 47700 | E73: 43100
A74: Dominican Republic | D74: 34700 | E74: 19214
A75: Guatemala | D75: 39600 | E75: 14688
A76: Korea, Republic of | E76: 44500
A77: Morocco | F77: 200
A78: Total | B78: =SUM(B70:B77) -> 17600 | C78: =SUM(C70:C77) -> 175761 | D78: =SUM(D70:D77) -> 122000 | E78: =SUM(E70:E77) -> 121502 | F78: =SUM(F70:F77) -> 200 | G78: =SUM(G70:G77) -> 113500 | H78: =SUM(H70:H77) -> 117000 | I78: =SUM(I70:I77) -> 5690 | ... K78: =SUM(K70:K77) -> 303512
A79: Total Nickel Content | B79: =B78*'4. Mineral Content Percentages'!B41 -> 7568 | C79: =C78*'4. Mineral Content Percentages'!B39 -> 17576.1 | D79: =D78*'4. Mineral Content Percentages'!B40 -> 1830 | E79: =E78*'4. Mineral Content Percentages'!B38 -> 36450.6 | F79: =F78*'4. Mineral Content Percentages'!B42 -> 126.6 | G79: =G78*1 -> 113500 | H79: =H78*'4. Mineral Content Percentages'!B38 -> 35100 | I79: =I78*1 -> 5690 | J79: =J78*1 -> 145000 | K79: =K78*1 -> 303512
A80: Grand Total: Nickel Content | B80: =SUM(B79:K79) -> 666353.3
A82: Table 6H
A83: Total Global Production Summary Table (metric tons)
A84: Mineral | B84: Grand Total: Content
A85: Aluminum | B85: =B11 -> 10693000
A86: Cobalt | B86: =B23 -> 14778
A87: Graphite | B87: =(B41+B33) -> 292072
A88: Lithium | B88: =B52 -> 74410.001
A89: Manganese | B89: =B65 -> 4148713.9
A90: Nickel | B90: =B80 -> 666353.3
A92: Table 6I
A93: Total Maximum Availability to Batteries (metric tons)
A94: Mineral | B94: Grand Total: Content
A95: Aluminum | B95: =B85*'5. Mineral to Battery Stats'!B4 -> 962370
A96: Cobalt | B96: =B86*'5. Mineral to Battery Stats'!B5 -> 4581.18
A97: Graphite | B97: =(B41*'5. Mineral to Battery Stats'!B6+B33*'5. Mineral to Battery Stats'!B7) -> 28396.7
A98: Lithium | B98: =B88*'5. Mineral to Battery Stats'!B8 -> 55063.401
A99: Manganese | B99: =B89*'5. Mineral to Battery Stats'!B9 -> 414871.39
A100: Nickel | B100: =B90*'5. Mineral to Battery Stats'!B10 -> 153261.26

Sheet 7.US Mineral Production&Imports
A2: Table 7A | I2: Sources for This Sheet:
B3: Aluminum US Production (metric tons) | I3: 1. USGS. Mineral Commodity Summaries 2022. http://pubs.er.usgs.gov/publication/mcs2022 (2022) doi:10.3133/mcs2022.
B4: Primary Production | C4: Secondary Production | D4: Source, Location | I4: 2. USGS. Aluminum - Mineral Yearbook 2020. (2021).
A5: United States | B5: 880000 | C5: =3200*1000 -> 3200000 | D5: 1, Page 23 | I5: 3. USGS. Cobalt - Mineral Yearbook 2019. (2021).
A6: Total | B6: =SUM(B5:B5) -> 880000 | C6: =SUM(C5:C5) -> 3200000 | I6: 4. USGS. Graphite - Mineral Yearbook 2019. (2022).
A7: Total Al Content | B7: =B6*1 -> 880000 | C7: =C6*'4. Mineral Content Percentages'!B5 -> 2880000 | I7: 5. USGS. Lithium - Mineral Yearbook 2019. (2021).
A8: Grand Total: Aluminum Content | B8: =SUM(B7:C7) -> 3760000 | I8: 6. USGS. Manganese - Mineral Yearbook 2020. (2021).
I9: 7. USGS. Nickel - Mineral Yearbook 2018. (2021).
A10: Table 7B
B11: Aluminum Imports (metric tons)
A12: FTC | B12: Metal and alloys, crude | C12: Plates, sheets, strip, etc. | D12: Scrap | E12: Source, Location
A13: Australia | B13: 86700 | C13: 387 | D13: 19 | E13: 2, Table 12
A14: Bahrain | B14: 75000 | C14: 17700 | E14: 2, Table 12
A15: Canada | B15: 2300000 | C15: 212000 | D15: 353000 | E15: 2, Table 12
A16: Korea, Republic of | B16: 14000 | C16: 26300 | E16: 2, Table 12
A17: Mexico | B17: 705 | C17: 36700 | D17: 142000 | E17: 2, Table 12
A18: Oman | B18: 99 | C18: 63000 | E18: 2, Table 12
A19: Total | B19: =SUM(B13:B18) -> 2476504 | C19: =SUM(C13:C18) -> 356087 | D19: =SUM(D13:D18) -> 495019
A20: Total Al Content | B20: =B19*'4. Mineral Content Percentages'!B4 -> 2402208.9 | C20: =C19*1 -> 356087 | D20: =D19*'4. Mineral Content Percentages'!B5 -> 445517.1
A21: Grand Total: Aluminum Content | B21: =SUM(B20:D20) -> 3203813
A23: Table 7C
B24: Cobalt US Production (metric tons)
B25: Primary Production* | C25: Secondary Production* | D25: Source, Location | E25: *Cobalt Content
A26: United States | B26: 700 | C26: 1600 | D26: 3, Page 52
A27: Total | B27: =SUM(B26) -> 700 | C27: =SUM(C26) -> 1600
A28: Total Cobalt Content | B28: =SUM(B26:B26) -> 700 | C28: =SUM(C26) -> 1600
A29: Grand Total: Cobalt Content | B29: =SUM(B28:C28) -> 2300
A31: Table 7D
B32: Cobalt Imports (metric tons)
A33: FTC | B33: Metal* | C33: Oxides and hydroxides* | D33: Other* | E33: Source, Location
A34: Australia | B34: 725 | E34: 2, Table 4
A35: Canada | B35: 2400 | D35: 1 | E35: 2, Table 4
A36: Korea, Republic of | C36: 106 | E36: 2, Table 4
A37: Mexico | B37: 45 | E37: 2, Table 4
A38: Morocco | B38: 339 | E38: 2, Table 4
A39: Total | B39: =SUM(B34:B38) -> 3509 | C39: =SUM(C34:C38) -> 106 | D39: =SUM(D34:D38) -> 1
A40: Total Cobalt Content | B40: =SUM(B34:B38) -> 3509 | C40: =SUM(C34:C38) -> 106 | D40: =SUM(D34:D38) -> 1
A41: Grand Total: Cobalt Content | B41: =SUM(B40:D40) -> 3616
A43: Table 7E
B44: Natural Graphite US Production (metric tons)
B45: Amorphous | C45: Crystalline Flake | D45: Source
A46: United States | B46: 0 | C46: 0 | D46: 4, Table 1
A47: Total | B47: =B46 -> 0 | C47: =C46 -> 0
A48: Total Graph Content | B48: =B47*'4. Mineral Content Percentages'!B15 -> 0 | C48: =C47*'4. Mineral Content Percentages'!B16 -> 0
A49: Grand Total: Graphite Content | B49: =SUM(B48:C48) -> 0
A51: Table 7F
B52: Natural Graphite Imports (metric tons)
A53: FTC | B53: Amorphous | C53: Crystalline Flake | D53: Other, high purity | E53: Source
A54: Canada | C54: 3960 | D54: 6590 | E54: 4, Table 6
A55: Mexico | B55: 11200 | E55: 4, Table 6
A56: Total | B56: =SUM(B54:B55) -> 11200 | C56: =SUM(C54:C55) -> 3960 | D56: =SUM(D54:D55) -> 6590
A57: Total Graph Content | B57: =B56*'4. Mineral Content Percentages'!B15 -> 8400 | C57: =C56*'4. Mineral Content Percentages'!B16 -> 3405.6 | D57: =D56*1 -> 6590
A58: Grand Total: Graphite Content | B58: =SUM(B57:D57) -> 18395.6
A60: Table 7G
B61: Synthetic Graphite US Production (metric tons)
B62: Primary Production | C62: Source
A63: United States | B63: 276000 | C63: 4, Table 1
A64: Total | B64: =B63 -> 276000
A65: Total Graph Content | B65: =B64*'4. Mineral Content Percentages'!B17 -> 275862
A66: Grand Total: Graphite Content | B66: =SUM(B65) -> 275862
A68: Table 7H
B69: Synthetic Graphite Imports (metric tons)
A70: FTC | B70: Primary Production | C70: Source
A71: Canada | B71: 1220 | C71: 4, Table 8
A72: Korea, Republic of | B72: 695 | C72: 4, Table 8
A73: Mexico | B73: 20800 | C73: 4, Table 8
A74: Total | B74: =SUM(B71:B73) -> 22715
A75: Total Graph Content | B75: =B74*'4. Mineral Content Percentages'!B17 -> 22703.643
A76: Grand Total: Graphite Content | B76: =B75 -> 22703.643
A78: Table 7I
B79: Lithium US Production (metric tons)
B80: Primary Production | C80: Source
A81: United States | B81: 0 | C81: 5, Table 1 | D81: ** USGS does not report a domestic lithium production value
A82: Total | B82: =B81 -> 0
A83: Total Li Content | B83: =B82 -> 0
A84: Grand Total: Lithium Content | B84: =B83 -> 0
A86: Table 7J
B87: Lithium Imports (metric tons)
A88: FTC | B88: Lithium Carbonate | C88: Lithium Hydroxide | D88: Source
A89: Chile | B89: 3600 | C89: 419 | D89: 5, Table 3
A90: Korea, Republic of | B90: 548 | D90: 5, Table 3
A91: Total | B91: =SUM(B89:B90) -> 4148 | C91: =SUM(C89:C90) -> 419
A92: Total Li Content | B92: =B91*'4. Mineral Content Percentages'!B22 -> 779.824 | C92: =C91*'4. Mineral Content Percentages'!B23 -> 121.51
A93: Grand Total: Lithium Content | B93: =SUM(B92:C92) -> 901.334
A95: Table 7K
B96: Manganese US Production (metric tons)
B97: Ore | C97: Ferromanganese | D97: Silicomanganese | E97: Source
A98: United States | B98: 0 | E98: 6, Table 1
A99: Total | B99: =B98 -> 0
A100: Total Manganese Content | B100: =B99 -> 0
A101: Grand Total: Manganese Content | B101: =B100 -> 0
A103: Table 7L
B104: Manganese Imports (metric tons)
A105: FTC | B105: Ore* | C105: Ferromanganese* | D105: Silicomanganese* | E105: Metal | F105: Dioxide | G105: Potassium Permanganate | H105: Source | I105: *Manganese Content
A106: Australia | C106: 31500 | D106: 43000 | E106: =8+325+2 -> 335 | G106: 8 | H106: 6, Table 6
A107: Canada | E107: 555 | F107: 5 | H107: 6, Table 6
A108: Korea, Republic of | C108: 23000 | H108: 6, Table 6
A109: Mexico | B109: 30000 | C109: 1180 | D109: 10100 | F109: 63 | H109: 6, Table 6
A110: Morocco | B110: 762 | D110: 912 | F110: 274 | H110: 6, Table 6
A111: Oman | H111: 6, Table 6
...

Sheet 8. Mineral Market Values
A1: Table 8A
A2: Aluminum Prices | I2: Sources for This Sheet:
A3: 2016 | B3: 2017 | C3: 2018 | D3: 2019 | E3: 2020 | F3: Units | G3: Source | I3: 1. USGS. Aluminum - Mineral Yearbook 2020. (2021).
A4: 80.4 | B4: 98.3 | C4: 114.7 | D4: 99.5 | E4: 89.7 | F4: US cents/lb | G4: 1, Table 1 | I4: 2. USGS. Cobalt - Mineral Yearbook 2019. (2021).
A5: =(A4/100)*(2.2*1000) -> 1768.8 | B5: =(B4/100)*(2.2*1000) -> 2162.6 | C5: =(C4/100)*(2.2*1000) -> 2523.4 | D5: =(D4/100)*(2.2*1000) -> 2189 | E5: =(E4/100)*(2.2*1000) -> 1973.4 | F5: $US/ton (metric) | I5: 3. USGS. Graphite - Mineral Yearbook 2019. (2022).
I6: 4. USGS. Mineral Commodity Summaries 2022. http://pubs.er.usgs.gov/publication/mcs2022 (2022) doi:10.3133/mcs2022.
A7: Table 8B | I7: 5. USGS. Nickel - Mineral Yearbook 2018. (2021).
A8: Cobalt Prices
A9: 2015 | B9: 2016 | C9: 2017 | D9: 2018 | E9: 2019 | F9: Units | G9: Source
A10: 13.44 | B10: 12.01 | C10: 26.97 | D10: 37.43 | E10: 16.95 | F10: $US/lb | G10: 2, Table 1
A11: =(A10)*(2.2*1000) -> 29568 | B11: =(B10)*(2.2*1000) -> 26422 | C11: =(C10)*(2.2*1000) -> 59334 | D11: =(D10)*(2.2*1000) -> 82346 | E11: =(E10)*(2.2*1000) -> 37290 | F11: $US/ton metric
A13: Table 8C
A14: Natural Graphite Prices
A15: Amorphous
A16: 2017 | B16: 2018 | C16: 2019 | D16: 2020 | E16: 2021 | F16: Units | G16: Source
A17: 451 | B17: 319 | C17: 498 | D17: 687 | E17: 630 | F17: $US/ton (metric) | G17: 3, Table 1
A18: Crystalline Flake
A19: 2017 | B19: 2018 | C19: 2019 | D19: 2020 | E19: 2021 | F19: Units | G19: Source
A20: 1390 | B20: 1520 | C20: 1350 | D20: 1540 | E20: 1600 | F20: $US/ton (metric) | G20: 3, Table 1
A21: Graphite Content: Amorphous + Crystallline Flake (Weighted Average on 2019 Imports)
A22: 2017 | B22: 2018 | C22: 2019 | D22: 2020 | E22: 2021 | F22: Units | G22: Source
A23: =((A17*'7.US Mineral Production&Imports'!$B$57)+(A20*'7.US Mineral Production&Imports'!$C$57))/SUM('7.US Mineral Production&Imports'!$B$57:$C$57) -> 721.8764 | B23: =((B17*'7.US Mineral Production&Imports'!$B$57)+(B20*'7.US Mineral Production&Imports'!$C$57))/SUM('7.US Mineral Production&Imports'!$B$57:$C$57) -> 665.45639 | C23: =((C17*'7.US Mineral Production&Imports'!$B$57)+(C20*'7.US Mineral Production&Imports'!$C$57))/SUM('7.US Mineral Production&Imports'!$B$57:$C$57) -> 743.77922 | D23: =((D17*'7.US Mineral Production&Imports'!$B$57)+(D20*'7.US Mineral Production&Imports'!$C$57))/SUM('7.US Mineral Production&Imports'!$B$57:$C$57) -> 933.0677 | E23: =((E17*'7.US Mineral Production&Imports'!$B$57)+(E20*'7.US Mineral Production&Imports'!$C$57))/SUM('7.US Mineral Production&Imports'!$B$57:$C$57) -> 909.81907 | F23: $US/ton (metric)
A25: Table 8D
A26: Synthetic Graphite Prices
A27: 2015 | B27: 2016 | C27: 2017 | D27: 2018 | E27: 2019 | F27: Units | G27: Source
A28: 6857.14 | B28: 3178.74 | C28: 3212.39 | D28: 5342.47 | E28: 4239.13 | F28: $US/ton (metric) | G28: 3, Table 1
A30: Table 8E
A31: Graphite Prices - Calculated, Using 2019 US Production and Imports
B32: Average | C32: Standard Deviation | D32: Low Range | E32: High Range | F32: Units | G32: Source
A33: Natural | B33: =AVERAGE(A23:E23) -> 794.79976 | C33: =STDEV(A23:E23) -> 119.37136 | D33: =B33-C33 -> 675.4284 | E33: =B33+C33 -> 914.17111 | F33: $US/ton (metric)
A34: Synthetic | B34: =AVERAGE(A28:E28) -> 4565.974 | C34: =STDEV(A28:E28) -> 1558.5107 | D34: =B34-C34 -> 3007.4633 | E34: =B34+C34 -> 6124.4847 | F34: $US/ton (metric)
A35: Weighted Average | B35: =((B33*('7.US Mineral Production&Imports'!$B$65+'7.US Mineral Production&Imports'!$B$75))+(B34*(SUM('7.US Mineral Production&Imports'!$B$57:$D$57))))/(SUM('7.US Mineral Production&Imports'!$B$57:$D$57,'7.US Mineral Production&Imports'!$B$65,'7.US Mineral Production&Imports'!$B$75)) -> 1013.6688 | C35: =((C33*('7.US Mineral Production&Imports'!$B$65+'7.US Mineral Production&Imports'!$B$75))+(C34*(SUM('7.US Mineral Production&Imports'!$B$57:$D$57))))/(SUM('7.US Mineral Production&Imports'!$B$57:$D$57,'7.US Mineral Production&Imports'!$B$65,'7.US Mineral Production&Imports'!$B$75)) -> 202.89523 | D35: =B35-C35 -> 810.7736 | E35: =B35+C35 -> 1216.5641 | F35: $US/ton (metric)
A37: Table 8F
A38: Lithium Prices
A39: 2017 | B39: 2018 | C39: 2019 | D39: 2020 | E39: 2021 | F39: Units | G39: Source
A40: Lithium Carbonate
A41: 15000 | B41: 17000 | C41: 12700 | D41: 8000 | E41: 17000 | F41: $US/ton lithium carbonate (metric) | G41: 4, Page 100
A42: =(A41)*(2*'2. BEV Battery Chemistry Stats'!$B$52/'2. BEV Battery Chemistry Stats'!$B$53) -> 2817.6639 | B42: =(B41)*(2*'2. BEV Battery Chemistry Stats'!$B$52/'2. BEV Battery Chemistry Stats'!$B$53) -> 3193.3524 | C42: =(C41)*(2*'2. BEV Battery Chemistry Stats'!$B$52/'2. BEV Battery Chemistry Stats'!$B$53) -> 2385.6221 | D42: =(D41)*(2*'2. BEV Battery Chemistry Stats'!$B$52/'2. BEV Battery Chemistry Stats'!$B$53) -> 1502.7541 | E42: =(E41)*(2*'2. BEV Battery Chemistry Stats'!$B$52/'2. BEV Battery Chemistry Stats'!$B$53) -> 3193.3524 | F42: $US/ton lithium (metric)
A44: Table 8G
A45: Manganese Prices
A46: 2017 | B46: 2018 | C46: 2019 | D46: 2020 | E46: 2021 | F46: Units | G46: Source
A47: 5.97 | B47: 7.16 | C47: 5.63 | D47: 4.59 | E47: 5.2 | F47: $US/ton unit (metric) | G47: 4, Page 106
A48: =A47*1000 -> 5970 | B48: =B47*1000 -> 7160 | C48: =C47*1000 -> 5630 | D48: =D47*1000 -> 4590 | E48: =E47*1000 -> 5200 | F48: $US/ton (metric)
A50: Table 8H
A51: Nickel Prices
A52: 2014 | B52: 2015 | C52: 2016 | D52: 2017 | E52: 2018 | F52: Units | G52: Source
A53: 16865 | B53: 11831 | C53: 9594 | D53: 10403 | E53: 13114 | F53: $US/ton (metric) | G53: 5, Table 1
A55: Table 8I
A56: Mineral Price Ranges ($USD/metric ton)
A57: Mineral | B57: Average Price | C57: Standard Deviation | D57: Range Low | E57: Range High
A58: Aluminum | B58: =AVERAGE(A5:E5) -> 2123.44 | C58: =STDEV(A5:E5) -> 280.21472 | D58: =B58-C58 -> 1843.2253 | E58: =B58+C58 -> 2403.6547
A59: Cobalt | B59: =AVERAGE(A11:E11) -> 46992 | C59: =STDEV(A11:E11) -> 23574.773 | D59: =B59-C59 -> 23417.227 | E59: =B59+C59 -> 70566.773
A60: Graphite | B60: {=B35:E35} -> 1013.6688 | C60: 202.89523 | D60: 810.7736 | E60: 1216.5641
A61: Lithium | B61: =AVERAGE(A42:E42) -> 2618.5489 | C61: =STDEV(A42:E42) -> 707.05337 | D61: =B61-C61 -> 1911.4956 | E61: =B61+C61 -> 3325.6023
A62: Manganese | B62: =AVERAGE(A48:E48) -> 5710 | C62: =STDEV(A48:E48) -> 960.59877 | D62: =B62-C62 -> 4749.4012 | E62: =B62+C62 -> 6670.5988
A63: Nickel | B63: =AVERAGE(A53:E53) -> 12361.4 | C63: =STDEV(A53:E53) -> 2855.8701 | D63: =B63-C63 -> 9505.5299 | E63: =B63+C63 -> 15217.27

Sheet 9. Calculations - Mass (BEV)
A1: Table 9A
A2: BEV Predictions | E2: Sources for This Sheet:
A3: Prediction | B3: Number of BEVs Sold in 2027 | C3: Source | E3: 1. IEA. Global EV Outlook 2021. 101 (2021).
A4: Low | B4: {='1. EV Forecast'!B4:B5} -> 1000000 | C4: 1
A5: High | B5: 2000000 | C5: 1
A7: Table 9B
A8: Available Minerals
A9: Maximum Availability | C9: Baseline Imports
A10: Mineral | B10: Total Mineral Content Mass (kg) | C10: Mineral | D10: Total Mineral Content Mass (kg)
A11: Aluminum | B11: {=('6. Global Mineral Production'!B95:B100)*1000} -> 962370000 | C11: Aluminum | D11: {=('7.US Mineral Production&Imports'!B152:B157)*1000} -> 6.2674317e+08
A12: Cobalt | B12: 4581180 | C12: Cobalt | D12: 1833960
A13: Graphite | B13: 28396700 | C13: Graphite | D13: 16767842
A14: Lithium | B14: 55063401 | C14: Lithium | D14: 666987.16
A15: Manganese | B15: 414871386 | C15: Manganese | D15: 14161093
A16: Nickel | B16: 1.5326126e+08 | C16: Nickel | D16: 64086614
A18: CALCULATIONS FOR NUMBER OF TAX-CREDIT ELIGIBLE BATTERIES BY MINERAL AVAILABILITY FROM US AND FTCS
A20: Table 9C
A21: Summary Mineral Mass Contribution by Battery Type (kg/battery) - LFP, NCA, NMC Only
A22: Critical Mineral | B22: LFP | C22: NCA | D22: NMC
A23: Aluminum | B23: {='2. BEV Battery Chemistry Stats'!B158:D163} -> 84.715909 | C23: 62.039212 | D23: 64.425568
A24: Cobalt | B24: 0 | C24: 10.910312 | D24: 17.636398
A25: Graphite | B25: 92.461364 | C25: 78.613364 | D25: 79.231477
A26: Lithium | B26: 8.7732831 | C26: 8.4207463 | D26: 9.4582583
A27: Manganese | B27: 0 | C27: 0 | D27: 18.352924
A28: Nickel | B28: 0 | C28: 56.957719 | D28: 43.263282
A29: Total | B29: =SUM(B23:B28) -> 185.95056 | C29: =SUM(C23:C28) -> 216.94135 | D29: =SUM(D23:D28) -> 232.36791
A31: Table 9D
A32: Number of Tax-Credit Eligible Batteries Calculations by Mineral
A33: Aluminum
A34: Available Amount Scenario | B34: Available Minerals (kg) | C34: Low Prediction (millions) | D34: High Prediction (millions) | E34: LFP (millions) | F34: NCA (millions) | G34: NMC (millions)
A35: Maximum Availability | B35: =B11 -> 962370000 | C35: =$B$4/1000000 -> 1 | D35: =$B$5/1000000 -> 2 | E35: =$B35/B$23/1000000 -> 11.359968 | F35: =$B35/C$23/1000000 -> 15.512286 | G35: =$B35/D$23/1000000 -> 14.937703
A36: Baseline Imports | B36: =D11 -> 6.2674317e+08 | C36: =$B$4/1000000 -> 1 | D36: =$B$5/1000000 -> 2 | E36: =$B36/B$23/1000000 -> 7.3981756 | F36: =$B36/C$23/1000000 -> 10.102372 | G36: =$B36/D$23/1000000 -> 9.7281745
A38: Cobalt
A39: Available Amount Scenario | B39: Available Minerals (kg) | C39: Low Prediction (millions) | D39: High Prediction | E39: LFP (millions) | F39: NCA (millions) | G39: NMC (millions)
A40: Maximum Availability | B40: =B12 -> 4581180 | C40: =$B$4/1000000 -> 1 | D40: =$B$5/1000000 -> 2 | E40: 0 | F40: =$B40/C$24/1000000 -> 0.4198945 | G40: =$B40/D$24/1000000 -> 0.25975712
A41: Baseline Imports | B41: =D12 -> 1833960 | C41: =$B$4/1000000 -> 1 | D41: =$B$5/1000000 -> 2 | E41: 0 | F41: =$B41/C$24/1000000 -> 0.16809418 | G41: =$B41/D$24/1000000 -> 0.10398722
A43: Graphite
A44: Available Amount Scenario | B44: Available Minerals (kg) | C44: Low Prediction (millions) | D44: High Prediction | E44: LFP (millions) | F44: NCA (millions) | G44: NMC (millions)
A45: Maximum Availability | B45: =B13 -> 28396700 | C45: =$B$4/1000000 -> 1 | D45: =$B$5/1000000 -> 2 | E45: =$B45/B$25/1000000 -> 0.30711963 | F45: =$B45/C$25/1000000 -> 0.36121976 | G45: =$B45/D$25/1000000 -> 0.35840175
A46: Baseline Imports | B46: =D13 -> 16767842 | C46: =$B$4/1000000 -> 1 | D46: =$B$5/1000000 -> 2 | E46: =$B46/B$25/1000000 -> 0.18134972 | F46: =$B46/C$25/1000000 -> 0.21329506 | G46: =$B46/D$25/1000000 -> 0.21163107
A48: Lithium
A49: Available Amount Scenario | B49: Available Minerals (kg) | C49: Low Prediction (millions) | D49: High Prediction | E49: LFP (millions) | F49: NCA (millions) | G49: NMC (millions)
A50: Maximum Availability | B50: =B14 -> 55063401 | C50: =$B$4/1000000 -> 1 | D50: =$B$5/1000000 -> 2 | E50: =$B50/B$26/1000000 -> 6.2762594 | F50: =$B50/C$26/1000000 -> 6.5390167 | G50: =$B50/D$26/1000000 -> 5.8217273
A51: Baseline Imports | B51: =D14 -> 666987.16 | C51: =$B$4/1000000 -> 1 | D51: =$B$5/1000000 -> 2 | E51: =$B51/B$26/1000000 -> 0.076024808 | F51: =$B51/C$26/1000000 -> 0.079207607 | G51: =$B51/D$26/1000000 -> 0.070519026
A53: Manganese
A54: Available Amount Scenario | B54: Available Minerals (kg) | C54: Low Prediction (millions) | D54: High Prediction | E54: LFP (millions) | F54: NCA (millions) | G54: NMC (millions)
A55: Maximum Availability | B55: =B15 -> 414871386 | C55: =$B$4/1000000 -> 1 | D55: =$B$5/1000000 -> 2 | E55: 0 | F55: 0 | G55: =$B55/D$27/1000000 -> 22.605192
A56: Baseline Imports | B56: =D15 -> 14161093 | C56: =$B$4/1000000 -> 1 | D56: =$B$5/1000000 -> 2 | E56: 0 | F56: 0 | G56: =$B56/D$27/1000000 -> 0.77159871
A58: Nickel
A59: Available Amount Scenario | B59: Available Minerals (kg) | C59: Low Prediction (millions) | D59: High Prediction (millions) | E59: LFP (millions) | F59: NCA (millions) | G59: NMC (millions)
A60: Maximum Availability | B60: =B16 -> 1.5326126e+08 | C60: =$B$4/1000000 -> 1 | D60: =$B$5/1000000 -> 2 | E60: 0 | F60: =$B60/C$28/1000000 -> 2.69079 | G60: =$B60/D$28/1000000 -> 3.542525
A61: Baseline Imports | B61: =D16 -> 64086614 | C61: =$B$4/1000000 -> 1 | D61: =$B$5/1000000 -> 2 | E61: 0 | F61: =$B61/C$28/1000000 -> 1.1251612 | G61: =$B61/D$28/1000000 -> 1.4813165
A64: CALCULATIONS FOR NUMBER OF TAX-CREDIT ELIGIBLE BATTERIES BY LIMITING MINERAL
A65: Table 9E
A66: Mineral Mass Shares by Battery Type (%) - LFP, NCA, NMC Only
A67: Critical Mineral | B67: LFP | C67: NCA | D67: NMC
A68: Aluminum | B68: =B23/B$29 -> 0.45558298 | C68: =C23/C$29 -> 0.28597227 | D68: =D23/D$29 -> 0.27725674
A69: Cobalt | B69: =B24/B$29 -> 0 | C69: =C24/C$29 -> 0.050291528 | D69: =D24/D$29 -> 0.075898596
A70: Graphite | B70: =B25/B$29 -> 0.49723629 | C70: =C25/C$29 -> 0.3623715 | D70: =D25/D$29 -> 0.34097427
A71: Lithium | B71: =B26/B$29 -> 0.047180731 | C71: =C26/C$29 -> 0.038815773 | D71: =D26/D$29 -> 0.040703806
A72: Manganese | B72: =B27/B$29 -> 0 | C72: =C27/C$29 -> 0 | D72: =D27/D$29 -> 0.078982182
A73: Nickel | B73: =B28/B$29 -> 0 | C73: =C28/C$29 -> 0.26254892 | D73: =D28/D$29 -> 0.18618441
A75: Table 9F
A76: Limiting Mass Mineral by Battery Type - Determined by Lowest Number of Tax-Credit Eligible Batteries (Table S9D)
A77: LFP
A78: Availability Scenario | B78: Limiting Mineral | C78: Minimum Percent of Battery Critical Mineral Mass to Meet 80% Mass Target | F78: Notes
A79: Maximum Availability | B79: Graphite | C79: =0.8-(1-B70) -> 0.29723629
A80: Baseline Imports | B80: Graphite | C80: =0.8-(1-B71-B70) -> 0.34441702 | F80: ** Lithium is the first limiter, then graphite
A82: NCA
A83: Availability Scenario | B83: Limiting Mineral | C83: Minimum Percent of Battery Critical Mineral Mass to Meet 80% Mass Target
A84: Maximum Availability | B84: Graphite | C84: =0.8-(1-C70) -> 0.1623715
A85: Baseline Imports | B85: Graphite | C85: =0.8-(1-C71-C69-C70) -> 0.2514788 | F85: ** Lithium is the first limiter, then cobalt, then graphite
A87: NMC
A88: Availability Scenario | B88: Limiting Mineral | C88: Minimum Percent of Battery Critical Mineral Mass to Meet 80% Mass Target
A89: Maximum Availability | B89: Graphite | C89: =0.8-(1-D69-D70) -> 0.21687286 | F89: ** Cobalt is the first limiter, then graphite
A90: Baseline Imports | B90: Graphite | C90: =0.8-(1-D71-D69-D70) -> 0.25757667 | F90: ** Lithium is the first limiter, then cobalt, then graphite
A92: Table 9G
A93: Mass Required Mineral by Battery Type to Reach 80% of Total Mass of Battery from FTCs (kg/battery)
A94: LFP
A95: Availability Scenario | B95: Limiting Mineral | C95: Mass Required (kg/battery)
A96: Maximum Availability | B96: Graphite | C96: =C79*$B$29 -> 55.271252
A97: Baseline Imports | B97: Graphite | C97: =C80*$B$29 -> 64.044536
A99: NCA
A100: Availability Scenario | B100: Limiting Mineral | C100: Mass Required (kg/battery)
A101: Maximum Availability | B101: Graphite | C101: =C84*$C$29 -> 35.225093
A102: Baseline Imports | B102: Graphite | C102: =C85*$C$29 -> 54.556151
A104: NMC
A105: Availability Scenario | B105: Limiting Mineral | C105: Mass Required (kg/battery)
A106: Maximum Availability | B106: Graphite | C106: =C89*$D$29 -> 50.394294
A107: Baseline Imports | B107: Graphite | C107: =C90*$D$29 -> 59.852552
A109: Table 9H
A110: Number of Tax-Eligible Batteries by Battery Type/Limiting Mass Mineral
A111: LFP/Graphite
C112: Number of Batteries (millions)
A113: Available Amount Scenario | B113: Graphite Available (kg) | C113: Low Prediction (millions) | D113: High Prediction (millions) | E113: Limiting Mass Mineral (millions)
A114: Maximum Availability | B114: =$B$13 -> 28396700 | C114: =$B$4/1000000 -> 1 | D114: =$B$5/1000000 -> 2 | E114: =$B114/C96/1000000 -> 0.51376979
A115: Baseline Imports | B115: =$D$13 -> 16767842 | C115: =$B$4/1000000 -> 1 | D115: =$B$5/1000000 -> 2 | E115: =$B115/C97/1000000 -> 0.26181534
A117: NCA/Graphite
C118: Number of Batteries (millions)
A119: Available Amount Scenario | B119: Graphite Available (kg) | C119: Low Prediction (millions) | D119: High Prediction (millions) | E119: Limiting Mass Mineral (millions)
...

Sheet 10. Calculations - Mass (PHEV)
A1: Table 10A
A2: PHEV Predictions | E2: Sources for This Sheet:
A3: Prediction | B3: Number of PHEVs Sold in 2027 | C3: Source | E3: 1. IEA. Global EV Outlook 2021. 101 (2021).
A4: Low | B4: {='1. EV Forecast'!D4:D5} -> 500000 | C4: 1
A5: High | B5: 1500000 | C5: 1
A7: Table 10B
A8: Available Minerals
A9: Maximum Availability | C9: Baseline Imports
A10: Mineral | B10: Total Mineral Content Mass (kg) | C10: Mineral | D10: Total Mineral Content Mass (kg)
A11: Aluminum | B11: {=('6. Global Mineral Production'!B95:B100)*1000} -> 962370000 | C11: Aluminum | D11: {=('7.US Mineral Production&Imports'!B152:B157)*1000} -> 6.2674317e+08
A12: Cobalt | B12: 4581180 | C12: Cobalt | D12: 1833960
A13: Graphite | B13: 28396700 | C13: Graphite | D13: 16767842
A14: Lithium | B14: 55063401 | C14: Lithium | D14: 666987.16
A15: Manganese | B15: 414871386 | C15: Manganese | D15: 14161093
A16: Nickel | B16: 1.5326126e+08 | C16: Nickel | D16: 64086614
A18: CALCULATIONS FOR NUMBER OF TAX-CREDIT ELIGIBLE BATTERIES BY MINERAL AVAILABILITY FROM US AND FTCS
A20: Table 10C
A21: Summary Mineral Mass Contribution by Battery Type (kg/battery) - LFP, LMO, NMC111111 Only
A22: Critical Mineral | B22: LFP | C22: LMO | D22: NMC111111
A23: Aluminum | B23: {='3. PHEV Battery Chemistry Stats'!B87:D92} -> 16.026818 | C23: 16.026818 | D23: 14.182636
A24: Cobalt | B24: 0 | C24: 0 | D24: 5.5183688
A25: Graphite | B25: 16.616818 | C25: 12.940909 | D25: 14.358818
A26: Lithium | B26: 1.5767654 | C26: 1.3808869 | D26: 1.9519941
A27: Manganese | B27: 0 | C27: 21.895925 | D27: 5.1525524
A28: Nickel | B28: 0 | C28: 0 | D28: 5.507577
A29: Total | B29: =SUM(B23:B28) -> 34.220402 | C29: =SUM(C23:C28) -> 52.244539 | D29: =SUM(D23:D28) -> 46.671947
A31: Table 10D
A32: Number of Tax-Credit Eligible Batteries Calculations by Mineral
A33: Aluminum
A34: Available Amount Scenario | B34: Available Minerals (kg) | C34: Low Prediction (millions) | D34: High Prediction (millions) | E34: LFP (millions) | F34: LMO (millions) | G34: NMC111 (millions)
A35: Maximum Availability | B35: =B11 -> 962370000 | C35: =$B$4/1000000 -> 0.5 | D35: =$B$5/1000000 -> 1.5 | E35: =$B35/B$23/1000000 -> 60.047477 | F35: =$B35/C$23/1000000 -> 60.047477 | G35: =$B35/D$23/1000000 -> 67.855508
A36: Baseline Imports | B36: =D11 -> 6.2674317e+08 | C36: =$B$4/1000000 -> 0.5 | D36: =$B$5/1000000 -> 1.5 | E36: =$B36/B$23/1000000 -> 39.105901 | F36: =$B36/C$23/1000000 -> 39.105901 | G36: =$B36/D$23/1000000 -> 44.190879
A38: Cobalt
A39: Available Amount Scenario | B39: Available Minerals (kg) | C39: Low Prediction (millions) | D39: High Prediction | E39: LFP (millions) | F39: LMO (millions) | G39: NMC111 (millions)
A40: Maximum Availability | B40: =B12 -> 4581180 | C40: =$B$4/1000000 -> 0.5 | D40: =$B$5/1000000 -> 1.5 | E40: 0 | F40: 0 | G40: =$B40/D$24/1000000 -> 0.83016923
A41: Baseline Imports | B41: =D12 -> 1833960 | C41: =$B$4/1000000 -> 0.5 | D41: =$B$5/1000000 -> 1.5 | E41: 0 | F41: 0 | G41: =$B41/D$24/1000000 -> 0.33233734
A43: Graphite
A44: Available Amount Scenario | B44: Available Minerals (kg) | C44: Low Prediction (millions) | D44: High Prediction | E44: LFP (millions) | F44: LMO (millions) | G44: NMC111 (millions)
A45: Maximum Availability | B45: =B13 -> 28396700 | C45: =$B$4/1000000 -> 0.5 | D45: =$B$5/1000000 -> 1.5 | E45: =$B45/B$25/1000000 -> 1.7089132 | F45: =$B45/C$25/1000000 -> 2.1943358 | G45: =$B45/D$25/1000000 -> 1.9776488
A46: Baseline Imports | B46: =D13 -> 16767842 | C46: =$B$4/1000000 -> 0.5 | D46: =$B$5/1000000 -> 1.5 | E46: =$B46/B$25/1000000 -> 1.0090886 | F46: =$B46/C$25/1000000 -> 1.2957237 | G46: =$B46/D$25/1000000 -> 1.1677731
A48: Lithium
A49: Available Amount Scenario | B49: Available Minerals (kg) | C49: Low Prediction (millions) | D49: High Prediction | E49: LFP (millions) | F49: LMO (millions) | G49: NMC111 (millions)
A50: Maximum Availability | B50: =B14 -> 55063401 | C50: =$B$4/1000000 -> 0.5 | D50: =$B$5/1000000 -> 1.5 | E50: =$B50/B$26/1000000 -> 34.921746 | F50: =$B50/C$26/1000000 -> 39.875389 | G50: =$B50/D$26/1000000 -> 28.208794
A51: Baseline Imports | B51: =D14 -> 666987.16 | C51: =$B$4/1000000 -> 0.5 | D51: =$B$5/1000000 -> 1.5 | E51: =$B51/B$26/1000000 -> 0.42300977 | F51: =$B51/C$26/1000000 -> 0.48301362 | G51: =$B51/D$26/1000000 -> 0.34169527
A53: Manganese
A54: Available Amount Scenario | B54: Available Minerals (kg) | C54: Low Prediction (millions) | D54: High Prediction | E54: LFP (millions) | F54: LMO (millions) | G54: NMC111 (millions)
A55: Maximum Availability | B55: =B15 -> 414871386 | C55: =$B$4/1000000 -> 0.5 | D55: =$B$5/1000000 -> 1.5 | E55: 0 | F55: =B55/$C$27/1000000 -> 18.947425 | G55: =$B55/D$27/1000000 -> 80.517645
A56: Baseline Imports | B56: =D15 -> 14161093 | C56: =$B$4/1000000 -> 0.5 | D56: =$B$5/1000000 -> 1.5 | E56: 0 | F56: =B56/$C$27/1000000 -> 0.64674559 | G56: =$B56/D$27/1000000 -> 2.7483646
A58: Nickel
A59: Available Amount Scenario | B59: Available Minerals (kg) | C59: Low Prediction (millions) | D59: High Prediction (millions) | E59: LFP (millions) | F59: LMO (millions) | G59: NMC111 (millions)
A60: Maximum Availability | B60: =B16 -> 1.5326126e+08 | C60: =$B$4/1000000 -> 0.5 | D60: =$B$5/1000000 -> 1.5 | E60: 0 | F60: 0 | G60: =$B60/D$28/1000000 -> 27.827348
A61: Baseline Imports | B61: =D16 -> 64086614 | C61: =$B$4/1000000 -> 0.5 | D61: =$B$5/1000000 -> 1.5 | E61: 0 | F61: 0 | G61: =$B61/D$28/1000000 -> 11.636081
A64: CALCULATIONS FOR NUMBER OF TAX-CREDIT ELIGIBLE BATTERIES BY LIMITING MINERAL
A65: Table 10E
A66: Mineral Mass Shares by Battery Type (%) - LFP, LMO, NMC111 Only
A67: Critical Mineral | B67: LFP | C67: LMO | D67: NMC111
A68: Aluminum | B68: =B23/B$29 -> 0.46834103 | C68: =C23/C$29 -> 0.30676543 | D68: =D23/D$29 -> 0.30387925
A69: Cobalt | B69: =B24/B$29 -> 0 | C69: =C24/C$29 -> 0 | D69: =D24/D$29 -> 0.11823738
A70: Graphite | B70: =B25/B$29 -> 0.48558221 | C70: =C25/C$29 -> 0.24769879 | D70: =D25/D$29 -> 0.30765415
A71: Lithium | B71: =B26/B$29 -> 0.046076764 | C71: =C26/C$29 -> 0.026431219 | D71: =D26/D$29 -> 0.041823713
A72: Manganese | B72: =B27/B$29 -> 0 | C72: =C27/C$29 -> 0.41910456 | D72: =D27/D$29 -> 0.11039935
A73: Nickel | B73: =B28/B$29 -> 0 | C73: =C28/C$29 -> 0 | D73: =D28/D$29 -> 0.11800615
A75: Table 10F
A76: Limiting Mass Mineral by Battery Type - Determined by Lowest Number of Tax-Credit Eligible Batteries (Table S10D)
A77: LFP
A78: Availability Scenario | B78: Limiting Mineral | C78: Minimum Percent of Battery Critical Mineral Mass to Meet 80% Mass Target | F78: Notes
A79: Maximum Availability | B79: Graphite | C79: =0.8-(1-B70) -> 0.28558221
A80: Baseline Imports | B80: Graphite | C80: =0.8-(1-B71-B70) -> 0.33165897 | F80: ** Lithium is the first limiter, then graphite
A82: LMO
A83: Availability Scenario | B83: Limiting Mineral | C83: Minimum Percent of Battery Critical Mineral Mass to Meet 80% Mass Target
A84: Maximum Availability | B84: Graphite | C84: =0.8-(1-C70) -> 0.047698791
A85: Baseline Imports | B85: Manganese | C85: =0.8-(1-C71-C72) -> 0.24553578 | F85: ** Lithium is the first limiter, then manganese
A87: NMC111
A88: Availability Scenario | B88: Limiting Mineral | C88: Minimum Percent of Battery Critical Mineral Mass to Meet 80% Mass Target
A89: Maximum Availability | B89: Graphite | C89: =0.8-(1-D69-D70) -> 0.22589153 | F89: ** Cobalt is the first limiter, then graphite
A90: Baseline Imports | B90: Graphite | C90: =0.8-(1-D71-D69-D70) -> 0.26771525 | F90: ** Lithium is the first limiter, then cobalt, then graphite
A92: Table 10G
A93: Mass Required Mineral by Battery Type to Reach 80% of Total Market Value of Battery from FTCs (kg/battery)
A94: LFP
A95: Availability Scenario | B95: Limiting Mineral | C95: Mass Required (kg/battery)
A96: Maximum Availability | B96: Graphite | C96: =C79*$B$29 -> 9.7727378
A97: Baseline Imports | B97: Graphite | C97: =C80*$B$29 -> 11.349503
A99: LMO
A100: Availability Scenario | B100: Limiting Mineral | C100: Mass Required (kg/battery)
A101: Maximum Availability | B101: Graphite | C101: =C84*$C$29 -> 2.4920013
A102: Baseline Imports | B102: Manganese | C102: =C85*$C$29 -> 12.827904
A104: NMC111
A105: Availability Scenario | B105: Limiting Mineral | C105: Mass Required (kg/battery)
A106: Maximum Availability | B106: Graphite | C106: =C89*$D$29 -> 10.542798
A107: Baseline Imports | B107: Graphite | C107: =C90*$D$29 -> 12.494792
A109: Table 10H
A110: Number of Tax-Eligible Batteries by Battery Type/Limiting Mass Mineral
A111: LFP/Graphite
C112: Number of Batteries (millions)
A113: Available Amount Scenario | B113: Graphite Available (kg) | C113: Low Prediction (millions) | D113: High Prediction (millions) | E113: Limiting Mass Mineral (millions)
A114: Maximum Availability | B114: =$B$13 -> 28396700 | C114: =$B$4/1000000 -> 0.5 | D114: =$B$5/1000000 -> 1.5 | E114: =$B114/C96/1000000 -> 2.9057057
A115: Baseline Imports | B115: =$D$13 -> 16767842 | C115: =$B$4/1000000 -> 0.5 | D115: =$B$5/1000000 -> 1.5 | E115: =$B115/C97/1000000 -> 1.4774076
A117: LMO/Graphite
C118: Number of Batteries (millions)
A119: Available Amount Scenario | B119: Graphite Available (kg) | C119: Low Prediction (millions) | D119: High Prediction (millions) | E119: Limiting Mass Mineral (millions)
...

Sheet 11. Calculations - MV (BEV)
A1: Table 11A
A2: BEV Predictions | E2: Sources for This Sheet:
A3: Prediction | B3: Number of BEVs Sold in 2027 | C3: Source | E3: 1. IEA. Global EV Outlook 2021. 101 (2021).
A4: Low | B4: {='1. EV Forecast'!B4:B5} -> 1000000 | C4: 1
A5: High | B5: 2000000 | C5: 1
A7: Table 11B
A8: Available Minerals
A9: Maximum Availability | C9: Baseline Imports
A10: Mineral | B10: Total Mineral Content Mass (metric tons) | C10: Mineral | D10: Total Mineral Content Mass (metric tons)
A11: Aluminum | B11: {=('6. Global Mineral Production'!B95:B100)} -> 962370 | C11: Aluminum | D11: {=('7.US Mineral Production&Imports'!B152:B157)} -> 626743.17
A12: Cobalt | B12: 4581.18 | C12: Cobalt | D12: 1833.96
A13: Graphite | B13: 28396.7 | C13: Graphite | D13: 16767.842
A14: Lithium | B14: 55063.401 | C14: Lithium | D14: 666.98716
A15: Manganese | B15: 414871.39 | C15: Manganese | D15: 14161.093
A16: Nickel | B16: 153261.26 | C16: Nickel | D16: 64086.614
A18: Table 11C
A19: Mineral Market Values ($USD/metric tons)
A20: Mineral | B20: Average Price | C20: Standard Deviation | D20: Range Low | E20: Range High
A21: Aluminum | B21: {='8. Mineral Market Values'!B58:E63} -> 2123.44 | C21: 280.21472 | D21: 1843.2253 | E21: 2403.6547
A22: Cobalt | B22: 46992 | C22: 23574.773 | D22: 23417.227 | E22: 70566.773
A23: Graphite | B23: 1013.6688 | C23: 202.89523 | D23: 810.7736 | E23: 1216.5641
A24: Lithium | B24: 2618.5489 | C24: 707.05337 | D24: 1911.4956 | E24: 3325.6023
A25: Manganese | B25: 5710 | C25: 960.59877 | D25: 4749.4012 | E25: 6670.5988
A26: Nickel | B26: 12361.4 | C26: 2855.8701 | D26: 9505.5299 | E26: 15217.27
A28: Table 11D
A29: Total Critical Mineral Market Value Per Battery ($USD/battery)
A30: LFP
A31: Mineral | B31: Mass Required (metric tons/battery) | C31: Average Market Value ($USD/battery) | D31: Range Low Market Value ($USD/battery) | E31: Range High Market Value ($USD/battery)
A32: Aluminum | B32: {=(_xlfn.ANCHORARRAY('2. BEV Battery Chemistry Stats'!B158))/1000} -> 0.084715909 | C32: =B32*B21 -> 179.88915 | D32: =B32*D21 -> 156.15051 | E32: =B32*E21 -> 203.62779
A33: Cobalt | B33: 0 | C33: =B33*B22 -> 0 | D33: =B33*D22 -> 0 | E33: =B33*E22 -> 0
A34: Graphite | B34: 0.092461364 | C34: =B34*B23 -> 93.725202 | D34: =B34*D23 -> 74.965232 | E34: =B34*E23 -> 112.48517
A35: Lithium | B35: 0.0087732831 | C35: =B35*B24 -> 22.973271 | D35: =B35*D24 -> 16.770092 | E35: =B35*E24 -> 29.176451
A36: Manganese | B36: 0 | C36: =B36*B25 -> 0 | D36: =B36*D25 -> 0 | E36: =B36*E25 -> 0
A37: Nickel | B37: 0 | C37: =B37*B26 -> 0 | D37: =B37*D26 -> 0 | E37: =B37*E26 -> 0
B38: Total | C38: =SUM(C32:C37) -> 296.58762 | D38: =SUM(D32:D37) -> 247.88583 | E38: =SUM(E32:E37) -> 345.28942
A40: NCA
A41: Mineral | B41: Mass Required (metric tons/battery) | C41: Average Market Value ($USD/battery) | D41: Range Low Market Value ($USD/battery) | E41: Range High Market Value ($USD/battery) | P41: How much cobalt left | Q41: How many batteries with remaining cobalt | R41: US + FTC Total batteries | X41: eligible | Y41: max
A42: Aluminum | B42: {=_xlfn.ANCHORARRAY('2. BEV Battery Chemistry Stats'!C158)/1000} -> 0.062039212 | C42: =B42*B21 -> 131.73654 | D42: =B42*D21 -> 114.35224 | E42: =B42*E21 -> 149.12084 | U42: % MV NCA | W42: Cobalt | X42: .15 * tons/battery | Y42: number of batterys | Z42: numbers of batterys
A43: Cobalt | B43: 0.010910312 | C43: =B43*B22 -> 512.69738 | D43: =B43*D22 -> 255.48925 | E43: =B43*E22 -> 769.90551 | U43: Aluminum | V43: =C42/$C$48 -> 0.090837183 | X43: =B43*0.15 -> 0.0016365468 | Y43: =H43/X43 -> 0 | Z43: =I43/X43 -> 0
A44: Graphite | B44: 0.078613364 | C44: =B44*B23 -> 79.687916 | D44: =B44*D23 -> 63.737639 | E44: =B44*E23 -> 95.638193 | P44: =(H43-O44) -> 0 | Q44: =P44/B43 -> 0 | R44: =N44+Q44 -> 0 | S44: =R44/0.8 -> 0 | U44: Cobalt | V44: =C43/$C$48 -> 0.35352366
A45: Lithium | B45: 0.0084207463 | C45: =B45*B24 -> 22.050136 | D45: =B45*D24 -> 16.096219 | E45: =B45*E24 -> 28.004053 | U45: Graphite | V45: =C44/$C$48 -> 0.054947743
A46: Manganese | B46: 0 | C46: =B46*B25 -> 0 | D46: =B46*D25 -> 0 | E46: =B46*E25 -> 0 | U46: Lithium | V46: =C45/$C$48 -> 0.015204378
A47: Nickel | B47: 0.056957719 | C47: =B47*B26 -> 704.07714 | D47: =B47*D26 -> 541.41329 | E47: =B47*E26 -> 866.74099 | U47: Manganese | V47: =C46/$C$48 -> 0
B48: Total | C48: =SUM(C42:C47) -> 1450.2491 | D48: =SUM(D42:D47) -> 991.08865 | E48: =SUM(E42:E47) -> 1909.4096 | U48: Nickel | V48: =C47/$C$48 -> 0.48548703
A50: NMC
A51: Mineral | B51: Mass Required (metric tons/battery) | C51: Average Market Value ($USD/battery) | D51: Range Low Market Value ($USD/battery) | E51: Range High Market Value ($USD/battery)
A52: Aluminum | B52: {=_xlfn.ANCHORARRAY('2. BEV Battery Chemistry Stats'!D158)/1000} -> 0.064425568 | C52: =B52*B21 -> 136.80383 | D52: =B52*D21 -> 118.75084 | E52: =B52*E21 -> 154.85682
A53: Cobalt | B53: 0.017636398 | C53: =B53*B22 -> 828.76961 | D53: =B53*D22 -> 412.99553 | E53: =B53*E22 -> 1244.5437
A54: Graphite | B54: 0.079231477 | C54: =B54*B23 -> 80.314479 | D54: =B54*D23 -> 64.23879 | E54: =B54*E23 -> 96.390168
A55: Lithium | B55: 0.0094582583 | C55: =B55*B24 -> 24.766912 | D55: =B55*D24 -> 18.079419 | E55: =B55*E24 -> 31.454406
A56: Manganese | B56: 0.018352924 | C56: =B56*B25 -> 104.7952 | D56: =B56*D25 -> 87.165402 | E56: =B56*E25 -> 122.425
A57: Nickel | B57: 0.043263282 | C57: =B57*B26 -> 534.79474 | D57: =B57*D26 -> 411.24042 | E57: =B57*E26 -> 658.34905
B58: Total | C58: =SUM(C52:C57) -> 1710.2448 | D58: =SUM(D52:D57) -> 1112.4704 | E58: =SUM(E52:E57) -> 2308.0191
A60: Table 11E
A61: Total Mineral Requirements to Make 1 Million Batteries by Battery Type (metric tons) - Determines Limiting Mineral
A62: LFP
A63: Mineral | B63: Mineral Requirement (metric tons) | C63: Remaining Minerals - Maximum Availability | D63: Remaining Minerals - Baseline Imports
A64: Aluminum | B64: =B32*1000000 -> 84715.909 | C64: =$B11-B64 -> 877654.09 | D64: =$D11-B64 -> 542027.26
A65: Cobalt
A66: Graphite | B66: =B34*1000000 -> 92461.364 | C66: =$B13-B66 -> -64064.664 | D66: =$D13-B66 -> -75693.522
A67: Lithium | B67: =B35*1000000 -> 8773.2831 | C67: =$B14-B67 -> 46290.117 | D67: =$D14-B67 -> -8106.2959
A68: Manganese
A69: Nickel
A71: NCA
A72: Mineral | B72: Mineral Requirement (metric tons) | C72: Remaining Minerals - Maximum Availability | D72: Remaining Minerals - Baseline Imports
A73: Aluminum | B73: =B42*1000000 -> 62039.212 | C73: =$B11-B73 -> 900330.79 | D73: =$D11-B73 -> 564703.96
A74: Cobalt | B74: =B43*1000000 -> 10910.312 | C74: =$B12-B74 -> -6329.132 | D74: =$D12-B74 -> -9076.352
A75: Graphite | B75: =B44*1000000 -> 78613.364 | C75: =$B13-B75 -> -50216.664 | D75: =$D13-B75 -> -61845.522
A76: Lithium | B76: =B45*1000000 -> 8420.7463 | C76: =$B14-B76 -> 46642.654 | D76: =$D14-B76 -> -7753.7591
A77: Manganese | B77: =B46*1000000 -> 0 | C77: =$B15-B77 -> 414871.39 | D77: =$D15-B77 -> 14161.093
A78: Nickel | B78: =B47*1000000 -> 56957.719 | C78: =$B16-B78 -> 96303.54 | D78: =$D16-B78 -> 7128.8949
A80: NMC
A81: Mineral | B81: Mineral Requirement (metric tons) | C81: Remaining Minerals - Maximum Availability | D81: Remaining Minerals - Baseline Imports
A82: Aluminum | B82: =B52*1000000 -> 64425.568 | C82: =$B11-B82 -> 897944.43 | D82: =$D11-B82 -> 562317.6
A83: Cobalt | B83: =B53*1000000 -> 17636.398 | C83: =$B12-B83 -> -13055.218 | D83: =$D12-B83 -> -15802.438
A84: Graphite | B84: =B54*1000000 -> 79231.477 | C84: =$B13-B84 -> -50834.777 | D84: =$D13-B84 -> -62463.635
A85: Lithium | B85: =B55*1000000 -> 9458.2583 | C85: =$B14-B85 -> 45605.142 | D85: =$D14-B85 -> -8791.2711
A86: Manganese | B86: =B56*1000000 -> 18352.924 | C86: =$B15-B86 -> 396518.46 | D86: =$D15-B86 -> -4191.8316
A87: Nickel | B87: =B57*1000000 -> 43263.282 | C87: =$B16-B87 -> 109997.98 | D87: =$D16-B87 -> 20823.331
A89: Table 11F
A90: Mineral Market Value Shares by Battery Type (%)
A91: LFP
A92: Mineral | B92: Average Market Value | C92: Range Low Market Value | D92: Range High Market Value
A93: Aluminum | B93: =C32/C$38 -> 0.60652952 | C93: =D32/D$38 -> 0.62992913 | D93: =E32/E$38 -> 0.58973077
A94: Cobalt | B94: =C33/C$38 -> 0 | C94: =D33/D$38 -> 0 | D94: =E33/E$38 -> 0
A95: Graphite | B95: =C34/C$38 -> 0.31601185 | C95: =D34/D$38 -> 0.30241838 | D95: =E34/E$38 -> 0.32577069
A96: Lithium | B96: =C35/C$38 -> 0.077458631 | C96: =D35/D$38 -> 0.067652483 | D96: =E35/E$38 -> 0.084498537
A97: Manganese | B97: =C36/C$38 -> 0 | C97: =D36/D$38 -> 0 | D97: =E36/E$38 -> 0
A98: Nickel | B98: =C37/C$38 -> 0 | C98: =D37/D$38 -> 0 | D98: =E37/E$38 -> 0
A100: NCA
A101: Mineral | B101: Average Market Value | C101: Range Low Market Value | D101: Range High Market Value
A102: Aluminum | B102: =C42/C$48 -> 0.090837183 | C102: =D42/D$48 -> 0.11538044 | D102: =E42/E$48 -> 0.078097882
A103: Cobalt | B103: =C43/C$48 -> 0.35352366 | C103: =D43/D$48 -> 0.25778648 | D103: =E43/E$48 -> 0.40321653
A104: Graphite | B104: =C44/C$48 -> 0.054947743 | C104: =D44/D$48 -> 0.064310735 | D104: =E44/E$48 -> 0.050087835
A105: Lithium | B105: =C45/C$48 -> 0.015204378 | C105: =D45/D$48 -> 0.016240948 | D105: =E45/E$48 -> 0.014666342
A106: Manganese | B106: =C46/C$48 -> 0 | C106: =D46/D$48 -> 0 | D106: =E46/E$48 -> 0
A107: Nickel | B107: =C47/C$48 -> 0.48548703 | C107: =D47/D$48 -> 0.5462814 | D107: =E47/E$48 -> 0.45393141
A109: NMC
A110: Mineral | B110: Average Market Value | C110: Range Low Market Value | D110: Range High Market Value
A111: Aluminum | B111: =C52/C$58 -> 0.079990789 | C111: =D52/D$58 -> 0.10674517 | D111: =E52/E$58 -> 0.06709512
...

Sheet 12. Calculations - MV (PHEV)
A1: Table 12A
A2: PHEV Predictions | E2: Sources for This Sheet:
A3: Prediction | B3: Number of PHEVs Sold in 2027 | C3: Source | E3: 1. IEA. Global EV Outlook 2021. 101 (2021).
A4: Low | B4: {='1. EV Forecast'!D4:D5} -> 500000 | C4: 1
A5: High | B5: 1500000 | C5: 1
A7: Table 12B
A8: Available Minerals
A9: Maximum Availability | C9: Baseline Imports
A10: Mineral | B10: Total Mineral Content Mass (metric tons) | C10: Mineral | D10: Total Mineral Content Mass (metric tons)
A11: Aluminum | B11: {=('6. Global Mineral Production'!B95:B100)} -> 962370 | C11: Aluminum | D11: {=('7.US Mineral Production&Imports'!B152:B157)} -> 626743.17
A12: Cobalt | B12: 4581.18 | C12: Cobalt | D12: 1833.96
A13: Graphite | B13: 28396.7 | C13: Graphite | D13: 16767.842
A14: Lithium | B14: 55063.401 | C14: Lithium | D14: 666.98716
A15: Manganese | B15: 414871.39 | C15: Manganese | D15: 14161.093
A16: Nickel | B16: 153261.26 | C16: Nickel | D16: 64086.614
A18: Table 12C
A19: Mineral Market Values ($USD/metric tons)
A20: Mineral | B20: Average Price | C20: Standard Deviation | D20: Range Low | E20: Range High
A21: Aluminum | B21: {='8. Mineral Market Values'!B58:E63} -> 2123.44 | C21: 280.21472 | D21: 1843.2253 | E21: 2403.6547
A22: Cobalt | B22: 46992 | C22: 23574.773 | D22: 23417.227 | E22: 70566.773
A23: Graphite | B23: 1013.6688 | C23: 202.89523 | D23: 810.7736 | E23: 1216.5641
A24: Lithium | B24: 2618.5489 | C24: 707.05337 | D24: 1911.4956 | E24: 3325.6023
A25: Manganese | B25: 5710 | C25: 960.59877 | D25: 4749.4012 | E25: 6670.5988
A26: Nickel | B26: 12361.4 | C26: 2855.8701 | D26: 9505.5299 | E26: 15217.27
A28: Table 12D
A29: Total Critical Mineral Market Value Per Battery ($USD/battery)
A30: LFP
A31: Mineral | B31: Mass Required (metric tons/battery) | C31: Average Market Value ($USD/battery) | D31: Range Low Market Value ($USD/battery) | E31: Range High Market Value ($USD/battery)
A32: Aluminum | B32: {=_xlfn.ANCHORARRAY('3. PHEV Battery Chemistry Stats'!B87)/1000} -> 0.016026818 | C32: =B32*B21 -> 34.031987 | D32: =B32*D21 -> 29.541036 | E32: =B32*E21 -> 38.522937
A33: Cobalt | B33: 0 | C33: =B33*B22 -> 0 | D33: =B33*D22 -> 0 | E33: =B33*E22 -> 0
A34: Graphite | B34: 0.016616818 | C34: =B34*B23 -> 16.843951 | D34: =B34*D23 -> 13.472477 | E34: =B34*E23 -> 20.215424
A35: Lithium | B35: 0.0015767654 | C35: =B35*B24 -> 4.1288373 | D35: =B35*D24 -> 3.01398 | E35: =B35*E24 -> 5.2436946
A36: Manganese | B36: 0 | C36: =B36*B25 -> 0 | D36: =B36*D25 -> 0 | E36: =B36*E25 -> 0
A37: Nickel | B37: 0 | C37: =B37*B26 -> 0 | D37: =B37*D26 -> 0 | E37: =B37*E26 -> 0
B38: Total | C38: =SUM(C32:C37) -> 55.004775 | D38: =SUM(D32:D37) -> 46.027494 | E38: =SUM(E32:E37) -> 63.982056
A40: LMO
A41: Mineral | B41: Mass Required (metric tons/battery) | C41: Average Market Value ($USD/battery) | D41: Range Low Market Value ($USD/battery) | E41: Range High Market Value ($USD/battery) | P41: How much cobalt left | Q41: How many batteries with remaining cobalt | R41: US + FTC Total batteries | X41: eligible | Y41: max
A42: Aluminum | B42: {=_xlfn.ANCHORARRAY('3. PHEV Battery Chemistry Stats'!C87)/1000} -> 0.016026818 | C42: =B42*B21 -> 34.031987 | D42: =B42*D21 -> 29.541036 | E42: =B42*E21 -> 38.522937 | U42: % MV LMO | W42: Cobalt | X42: .15 * tons/battery | Y42: number of batterys | Z42: numbers of batterys
A43: Cobalt | B43: 0 | C43: =B43*B22 -> 0 | D43: =B43*D22 -> 0 | E43: =B43*E22 -> 0 | U43: Aluminum | V43: =C42/$C$48 -> 0.19359298 | X43: =B43*0.15 -> 0 | Y43: =H43/X43 -> #DIV/0! | Z43: =I43/X43 -> #DIV/0!
A44: Graphite | B44: 0.012940909 | C44: =B44*B23 -> 13.117796 | D44: =B44*D23 -> 10.492147 | E44: =B44*E23 -> 15.743445 | P44: =(H43-O44) -> 0 | Q44: =P44/B43 -> #DIV/0! | R44: =N44+Q44 -> #DIV/0! | S44: =R44/0.8 -> #DIV/0! | U44: Cobalt | V44: =C43/$C$48 -> 0
A45: Lithium | B45: 0.0013808869 | C45: =B45*B24 -> 3.6159198 | D45: =B45*D24 -> 2.6395591 | E45: =B45*E24 -> 4.5922805 | U45: Graphite | V45: =C44/$C$48 -> 0.074621362
A46: Manganese | B46: 0.021895925 | C46: =B46*B25 -> 125.02573 | D46: =B46*D25 -> 103.99253 | E46: =B46*E25 -> 146.05893 | U46: Lithium | V46: =C45/$C$48 -> 0.020569374
A47: Nickel | B47: 0 | C47: =B47*B26 -> 0 | D47: =B47*D26 -> 0 | E47: =B47*E26 -> 0 | U47: Manganese | V47: =C46/$C$48 -> 0.71121629
B48: Total | C48: =SUM(C42:C47) -> 175.79143 | D48: =SUM(D42:D47) -> 146.66527 | E48: =SUM(E42:E47) -> 204.91759 | U48: Nickel | V48: =C47/$C$48 -> 0
A50: NMC111
A51: Mineral | B51: Mass Required (metric tons/battery) | C51: Average Market Value ($USD/battery) | D51: Range Low Market Value ($USD/battery) | E51: Range High Market Value ($USD/battery)
A52: Aluminum | B52: {=_xlfn.ANCHORARRAY('3. PHEV Battery Chemistry Stats'!D87)/1000} -> 0.014182636 | C52: =B52*B21 -> 30.115977 | D52: =B52*D21 -> 26.141794 | E52: =B52*E21 -> 34.090161
A53: Cobalt | B53: 0.0055183688 | C53: =B53*B22 -> 259.31919 | D53: =B53*D22 -> 129.22489 | E53: =B53*E22 -> 389.41348
A54: Graphite | B54: 0.014358818 | C54: =B54*B23 -> 14.555086 | D54: =B54*D23 -> 11.641751 | E54: =B54*E23 -> 17.468422
A55: Lithium | B55: 0.0019519941 | C55: =B55*B24 -> 5.1113921 | D55: =B55*D24 -> 3.7312281 | E55: =B55*E24 -> 6.4915561
A56: Manganese | B56: 0.0051525524 | C56: =B56*B25 -> 29.421074 | D56: =B56*D25 -> 24.471539 | E56: =B56*E25 -> 34.37061
A57: Nickel | B57: 0.005507577 | C57: =B57*B26 -> 68.081362 | D57: =B57*D26 -> 52.352437 | E57: =B57*E26 -> 83.810287
B58: Total | C58: =SUM(C52:C57) -> 406.60408 | D58: =SUM(D52:D57) -> 247.56364 | E58: =SUM(E52:E57) -> 565.64452
A60: Table 12E
A61: Total Mineral Requirements to Make 0.5 Million Batteries by Battery Type (metric tons) - Determines Limiting Mineral
A62: LFP
A63: Mineral | B63: Mineral Requirement (metric tons) | C63: Remaining Minerals - Maximum Availability | D63: Remaining Minerals - Baseline Imports
A64: Aluminum | B64: =B32*500000 -> 8013.4091 | C64: =$B11-B64 -> 954356.59 | D64: =$D11-B64 -> 618729.76
A65: Cobalt | B65: =B33*500000 -> 0
A66: Graphite | B66: =B34*500000 -> 8308.4091 | C66: =$B13-B66 -> 20088.291 | D66: =$D13-B66 -> 8459.433
A67: Lithium | B67: =B35*500000 -> 788.38269 | C67: =$B14-B67 -> 54275.018 | D67: =$D14-B67 -> -121.39553
A68: Manganese | B68: =B36*500000 -> 0
A69: Nickel | B69: =B37*500000 -> 0
A71: LMO
A72: Mineral | B72: Mineral Requirement (metric tons) | C72: Remaining Minerals - Maximum Availability | D72: Remaining Minerals - Baseline Imports
A73: Aluminum | B73: =B42*500000 -> 8013.4091 | C73: =$B11-B73 -> 954356.59 | D73: =$D11-B73 -> 618729.76
A74: Cobalt | B74: =B43*500000 -> 0 | C74: =$B12-B74 -> 4581.18 | D74: =$D12-B74 -> 1833.96
A75: Graphite | B75: =B44*500000 -> 6470.4545 | C75: =$B13-B75 -> 21926.245 | D75: =$D13-B75 -> 10297.388
A76: Lithium | B76: =B45*500000 -> 690.44343 | C76: =$B14-B76 -> 54372.957 | D76: =$D14-B76 -> -23.456265
A77: Manganese | B77: =B46*500000 -> 10947.962 | C77: =$B15-B77 -> 403923.42 | D77: =$D15-B77 -> 3213.1305
A78: Nickel | B78: =B47*500000 -> 0 | C78: =$B16-B78 -> 153261.26 | D78: =$D16-B78 -> 64086.614
A80: NMC111
A81: Mineral | B81: Mineral Requirement (metric tons) | C81: Remaining Minerals - Maximum Availability | D81: Remaining Minerals - Baseline Imports
A82: Aluminum | B82: =B52*500000 -> 7091.3182 | C82: =$B11-B82 -> 955278.68 | D82: =$D11-B82 -> 619651.85
A83: Cobalt | B83: =B53*500000 -> 2759.1844 | C83: =$B12-B83 -> 1821.9956 | D83: =$D12-B83 -> -925.2244
A84: Graphite | B84: =B54*500000 -> 7179.4091 | C84: =$B13-B84 -> 21217.291 | D84: =$D13-B84 -> 9588.433
A85: Lithium | B85: =B55*500000 -> 975.99706 | C85: =$B14-B85 -> 54087.404 | D85: =$D14-B85 -> -309.0099
A86: Manganese | B86: =B56*500000 -> 2576.2762 | C86: =$B15-B86 -> 412295.11 | D86: =$D15-B86 -> 11584.817
A87: Nickel | B87: =B57*500000 -> 2753.7885 | C87: =$B16-B87 -> 150507.47 | D87: =$D16-B87 -> 61332.825
A89: Table 12F
A90: Mineral Market Value Shares by Battery Type (%)
A91: LFP
A92: Mineral | B92: Average Market Value | C92: Range Low Market Value | D92: Range High Market Value
A93: Aluminum | B93: =C32/C$38 -> 0.61870968 | C93: =D32/D$38 -> 0.64181284 | D93: =E32/E$38 -> 0.60208971
A94: Cobalt | B94: =C33/C$38 -> 0 | C94: =D33/D$38 -> 0 | D94: =E33/E$38 -> 0
A95: Graphite | B95: =C34/C$38 -> 0.30622706 | C95: =D34/D$38 -> 0.292705 | D95: =E34/E$38 -> 0.31595459
A96: Lithium | B96: =C35/C$38 -> 0.075063253 | C96: =D35/D$38 -> 0.065482167 | D96: =E35/E$38 -> 0.081955707
A97: Manganese | B97: =C36/C$38 -> 0 | C97: =D36/D$38 -> 0 | D97: =E36/E$38 -> 0
A98: Nickel | B98: =C37/C$38 -> 0 | C98: =D37/D$38 -> 0 | D98: =E37/E$38 -> 0
A100: LMO
A101: Mineral | B101: Average Market Value | C101: Range Low Market Value | D101: Range High Market Value
A102: Aluminum | B102: =C42/C$48 -> 0.19359298 | C102: =D42/D$48 -> 0.20141807 | D102: =E42/E$48 -> 0.18799234
A103: Cobalt | B103: =C43/C$48 -> 0 | C103: =D43/D$48 -> 0 | D103: =E43/E$48 -> 0
A104: Graphite | B104: =C44/C$48 -> 0.074621362 | C104: =D44/D$48 -> 0.071538048 | D104: =E44/E$48 -> 0.076828177
A105: Lithium | B105: =C45/C$48 -> 0.020569374 | C105: =D45/D$48 -> 0.017997165 | D105: =E45/E$48 -> 0.022410377
A106: Manganese | B106: =C46/C$48 -> 0.71121629 | C106: =D46/D$48 -> 0.70904672 | D106: =E46/E$48 -> 0.71276911
A107: Nickel | B107: =C47/C$48 -> 0 | C107: =D47/D$48 -> 0 | D107: =E47/E$48 -> 0
A109: NMC111
A110: Mineral | B110: Average Market Value | C110: Range Low Market Value | D110: Range High Market Value
A111: Aluminum | B111: =C52/C$58 -> 0.074067081 | C111: =D52/D$58 -> 0.10559626 | D111: =E52/E$58 -> 0.060267818
...

Sheet 13. Full List of References
A1: Table S13A
A2: Full List of References Used In Excel Spreadsheet
